Cogmind - Beta 16.1 @@@ ROGUE MODE // 2026.04.10 @ 23:46:33 Player: H3-MLN Result: Destroyed by H-88 Terminator with KE Penetrator Performance ------------- Evolutions (8) 4000 Regions Visited (26) 5200 Robots Destroyed (405) 2025 Value Destroyed (22609) 22609 Prototype IDs (70) 1400 Alien Tech Used (2) 400 Bonus (24713) 24713 TOTAL SCORE: 60347 Bonus ------- Triggered High Security 1000 High Alert Combat Kills 11403 Follower Combat Kills 6460 Entered Garrisons 600 Used RIF Installer 2000 Network Hubs Disabled 600 Registered with UFD 300 Met Optimus in HQ 500 Met Data Miner 300 Built Enhanced Grunts 300 A7 Reached Mainframe 300 Met R17 at Cetus 500 Met R17 at Research 2000 Scanned by Researcher 500 Met Sigix 2000 Friendly Fire -4050 Cogmind --------- Core Integrity 0/1450 Matter 48/300 Energy 700/700 System Corruption 24% Temperature Cool (0) Movement Core (50) Location -2/Quarantine Parts ------- > --- POWER (3) -------- (None) > --- PROPULSION (7) --- (None) > --- UTILITY (8) ------ Experimental Energy Well > --- WEAPON (5) ------- (None) > --- INVENTORY (5) ---- Antigrav Array Relay Coupler [Proto] (10) Sigix Containment Pod Peak State ------------ > --- POWER ------------ Reinforced Antimatter Reactor Hybrid Antimatter Reactor Reinforced Quantum Reactor > --- PROPULSION ------- Biometal Heavy Treads Advanced Heavy Siege Treads Advanced Heavy Siege Treads Centrium Leg > --- UTILITY ---------- Coolant Network Advanced Coolant Injector Cargo Storage Unit Phase Armor Force Field > --- WEAPON ----------- Gamma Rifle Potential Cannon Sigix Broadsword > --- INVENTORY -------- Quantum Reactor Biometal Heavy Treads High-density Centrium Heavy Treads Overtuned Huge Scrapsphere Huge Storage Unit Experimental Energy Well Experimental Energy Well Quantum Shading Machine Quantum Capacitor Microactuators Relay Coupler [NC] Relay Coupler [Proto] Relay Coupler [Proto] Advanced Trap Extractor Warp Gun Compact HERF Cannon EMDS Enhanced Hardcell Cannon Ragnarok Missile Launcher Z-bomb Delivery System CPS Tube Segregator Portable AFG Sigix Containment Pod [Rating: 225] Favorites ----------- Power Improved Ion Engine Engine Improved Ion Engine Power Core Neutrino Core Reactor Antimatter Reactor Propulsion Wheel Treads Centrium Heavy Treads Leg Myomer Leg Wheel Wheel Hover Unit Combat Antigrav System Flight Unit Nuclear Pulse Thruster Utility Huge Storage Unit Device Coolant Network Storage Huge Storage Unit Processor 0b10 Decoder Chip [Generic] Hackware Advanced Hacking Suite Protection Medium Regenerative Plating Artifact Phase Armor Weapon Enhanced Nova Cannon Energy Gun Advanced Variable Charge Gun Energy Cannon Enhanced Nova Cannon Ballistic Gun Heavy Battle Rifle Ballistic Cannon Enhanced Hardcell Cannon Launcher Ragnarok Missile Launcher Special Weapon Advanced Remote Datajack Impact Weapon Power Maul Slashing Weapon Sigix Broadsword Piercing Weapon Makeshift Spear Special Melee Weapon Advanced Datajack Build | -11 -10 -10 -10 -9 -9 -6 -6 -6 -6 -5 -5 -5 -5 -5 -5 -4 -4 -4 -4 -3 -3 -3 -2 -2 -2 -2 ------- Run | Yrd Mat Min Sub Rec Scr Fac Low Low Dat Pro Fac Ext Cet Arc Hub Fac Was Fac Gar Res Tes Gar Res Gar Res Qua Slots Evolved 16 | . . . . . . 8 . . . . 2 . . . . 2 . . . 2 . . 2 . . . Power 2 | . . . . . . 1 . . . . . . . . . . . . . 1 . . . . . . Propulsion 5 | . . . . . . 3 . . . . 1 . . . . . . . . 1 . . . . . . Utility 6 | . . . . . . 3 . . . . 1 . . . . 1 . . . . . . 1 . . . Weapon 3 | . . . . . . 1 . . . . . . . . . 1 . . . . . . 1 . . . Parts Attached 381 | 7 2 3 24 3 3 10 12 5 . 9 16 16 12 14 9 19 19 4 13 32 44 34 7 7 33 24 Power 55 | 1 . . 4 1 1 . 1 . . . 2 2 2 1 . 3 2 1 2 9 7 7 1 . 4 4 Engine 12 | 1 . . 4 1 1 . 1 . . . 1 1 1 . . . . . . . 1 . . . . . Core 7 | . . . . . . . . . . . 1 1 . . . . 1 1 2 1 . . . . . . Reactor 36 | . . . . . . . . . . . . . 1 1 . 3 1 . . 8 6 7 1 . 4 4 Propulsion 93 | 2 1 . 7 1 . 2 1 1 . 3 7 6 2 4 . 2 5 2 3 5 10 6 5 1 11 6 Treads 33 | . 1 . 2 . . 2 . . . 1 . 1 . 4 . . 3 1 3 . 1 3 1 . 6 4 Leg 19 | . . . . . . . . 1 . 2 1 2 2 . . 2 . . . 3 2 . 2 . 1 1 Wheel 30 | 2 . . 5 1 . . 1 . . . 6 3 . . . . . 1 . 2 . 1 2 1 4 1 Hover 9 | . . . . . . . . . . . . . . . . . . . . . 7 2 . . . . Flight 2 | . . . . . . . . . . . . . . . . . 2 . . . . . . . . . Utility 112 | 2 . 2 3 . 1 4 3 3 . 4 4 6 5 4 7 6 6 1 4 5 12 12 1 1 8 8 Device 58 | 1 . 1 2 . . 1 2 2 . 2 1 2 1 4 1 4 4 . 3 3 8 7 1 . 2 6 Storage 13 | 1 . 1 . . . 1 . 1 . . . 2 1 . 1 . . 1 . 1 1 2 . . . . Processor 11 | . . . . . . . 1 . . . 1 2 . . . 1 . . . . 1 . . 1 4 . Hackware 13 | . . . . . . 2 . . . . 1 . . . 3 1 . . . . 2 1 . . 2 1 Protection 16 | . . . 1 . 1 . . . . 2 1 . 3 . 2 . 2 . 1 1 . 2 . . . . Artifact 1 | . . . . . . . . . . . . . . . . . . . . . . . . . . 1 Weapon 121 | 2 1 1 10 1 1 4 7 1 . 2 3 2 3 5 2 8 6 . 4 13 15 9 . 5 10 6 Energy Gun 32 | . . . 2 . . . 1 1 . 1 . . . 1 . 4 1 . 2 5 4 4 . . 4 2 Energy Cannon 22 | . . . 1 . . 2 . . . . . . 1 1 1 2 . . 1 . 5 2 . 4 . 2 Ballistic Gun 22 | 2 . 1 4 1 . . 1 . . . 2 . . 2 . 1 1 . . 4 2 . . . 1 . Ballistic Cannon 16 | . 1 . . . . 1 2 . . . . . . . 1 . 3 . 1 1 1 . . 1 3 1 Launcher 6 | . . . 1 . . . 1 . . 1 . . . . . . . . . . 1 1 . . 1 . Special Weapon 11 | . . . 1 . 1 . 1 . . . . 2 . . . . . . . 3 2 1 . . . . Impact Weapon 2 | . . . . . . 1 . . . . . . 1 . . . . . . . . . . . . . Slashing Weapon 4 | . . . . . . . . . . . 1 . 1 . . . . . . . . . . . 1 1 Piercing Weapon 5 | . . . 1 . . . 1 . . . . . . . . 1 1 . . . . 1 . . . . Special Melee Weapon 1 | . . . . . . . . . . . . . . 1 . . . . . . . . . . . . Unidentified Prototypes 49 | . . 1 . . . . 2 . . 2 . 1 4 3 1 . . . . 3 19 5 1 . 3 4 Corrupted Parts 13 | . . . . . . . . . . . . . 1 5 . 7 . . . . . . . . . . System Corruption 42 | . . . . . . . . . . . . . 2 21 . 19 . . . . . . . . . . Parts Lost 87 | . . . 4 . . . . 2 . 5 . 4 . . 2 21 . . 3 . 8 4 1 1 11 21 Power 17 | . . . 2 . . . . . . 2 . 2 . . . 3 . . 1 . 4 1 . . . 2 Propulsion 22 | . . . 2 . . . . 1 . 2 . 2 . . . 4 . . . . . 1 . . 2 8 Utility 17 | . . . . . . . . 1 . . . . . . 1 4 . . 2 . . 1 1 . . 7 Weapon 31 | . . . . . . . . . . 1 . . . . 1 10 . . . . 4 1 . 1 9 4 Highest Loss Streak 14 | . . . 2 . . . . 2 . 4 . 2 . . 2 14 . . 3 . 3 2 1 1 5 13 To Critical Strikes 2 | . . . . . . . . . . . . . . . . . . . . . . 1 . . . 1 Average Backups 20 | 3 7 14 23 23 22 20 22 21 21 21 22 22 21 22 22 19 4 7 12 16 16 17 23 25 24 22 Power . | . . . 1 1 1 . . . . . . 2 1 . 1 1 . 1 1 . . . 1 1 1 1 Propulsion 2 | 2 3 3 4 3 2 2 2 2 2 1 1 2 2 2 1 1 . 2 4 . . . 2 1 3 4 Utility 9 | . 1 6 9 11 11 9 8 8 7 8 8 9 10 13 14 11 1 2 3 7 7 8 12 13 11 9 Weapon 6 | . 2 4 7 7 5 5 8 8 8 8 9 8 6 5 4 3 2 2 3 5 5 6 5 6 6 6 Tool/Special . | . . . . . . . . . . . . . . . . . . . . . . . . . . . Unused Backups 105 | . 2 . 5 3 12 4 4 . . 1 4 9 7 . 1 8 1 1 3 11 11 . . . 7 11 Power 9 | . 1 . 1 . 1 1 . . . . . . 1 . . 2 . . . . 1 . . . 1 . Propulsion 17 | . 1 . 2 1 1 1 . . . . . 2 . . . 2 . . 1 2 . . . . 1 3 Utility 57 | . . . 1 2 6 2 4 . . . 2 5 3 . 1 4 . 1 2 6 5 . . . 5 8 Weapon 19 | . . . 1 . 4 . . . . 1 1 2 3 . . . 1 . . 3 3 . . . . . Tool/Special 3 | . . . . . . . . . . . 1 . . . . . . . . . 2 . . . . . Average Slot Usage (%) 86 | . 100 100 99 100 98 92 100 99 100 85 79 94 99 74 81 80 78 87 79 80 77 85 71 73 75 64 Engine 5 | . 14 14 13 14 14 9 13 13 13 9 3 4 4 . . . 3 . . . . . . . . . Reactor 5 | . . . . . . . . . . . . . . 10 11 9 2 5 5 9 11 13 13 13 13 12 Treads 7 | . 9 14 14 . . 12 13 13 13 10 . 2 5 15 17 14 11 15 14 5 2 1 7 3 5 7 Leg 2 | . . . . . . . . 3 6 17 15 5 11 . . . . . . 3 5 . 1 . . . Wheel 11 | . 18 14 13 27 28 19 20 16 13 2 15 24 17 2 . . . 1 . 7 8 . 8 13 13 7 Hover 1 | . . . . . . . . . . . . . . . . . . . . . 1 27 1 . . . Device 10 | . 14 14 10 14 11 2 11 23 26 17 7 14 11 6 12 6 10 11 8 9 8 9 10 8 8 10 Storage 7 | . 14 14 14 14 13 9 6 6 6 6 5 5 5 5 5 4 . 3 5 4 4 4 4 4 4 4 Processor 5 | . . . . . . . 2 . . . 4 8 11 11 11 10 10 10 10 9 9 9 8 8 4 2 Hackware 1 | . . . . . . 10 4 . . . . . . . 4 9 5 5 3 . . . . . 1 1 Protection 2 | . . . 3 . 2 6 6 2 . . 2 . 4 . . 3 7 5 5 4 4 2 4 4 4 . Energy Gun 3 | . . . 4 . . . . 1 . 4 3 4 4 4 2 6 4 5 7 11 2 4 4 1 1 2 Energy Cannon 2 | . . . 1 . . . . 2 6 1 . . 4 5 8 10 . . 1 . . . 1 10 7 3 Ballistic Gun 7 | . 26 26 11 15 16 11 10 6 6 6 5 9 2 1 2 1 . . . 3 8 . . . . . Ballistic Cannon 2 | . 1 1 7 . . 1 5 6 6 5 2 . . . 2 . 8 10 10 2 . 1 1 2 6 2 Piercing Weapon 2 | . . . 1 12 10 . 1 . . . 2 1 . . . . 4 5 . . 3 4 . . . 1 Peak Build Rating 225 | 7 8 14 25 25 27 48 55 65 64 91 90 92 99 134 136 152 124 128 130 150 173 178 164 173 195 225 Average Rating 95 | 4 7 9 15 23 24 42 50 58 64 79 85 79 94 120 131 142 102 120 122 135 150 162 155 166 172 190 On Entrance 85 | . 7 8 10 25 25 22 47 53 64 64 71 88 83 99 134 133 18 124 128 119 150 173 153 161 173 177 Avg Prop Armor Cover (%) 9 | . 11 10 12 . . 11 10 12 15 11 7 7 13 23 8 . 5 2 7 10 9 4 8 6 7 11 Naked Turns . | . . . . . . . . . . . . . . . . . . . . . . . . . . . Heaviest Build 304 | 15 16 91 100 97 104 124 124 129 128 133 135 133 144 157 153 164 84 110 125 142 142 247 227 264 277 304 Greatest Support 240 | 26 26 10 20 20 20 40 40 40 30 70 93 74 64 240 240 240 168 215 215 215 120 225 225 64 140 235 Greatest Overweight (x) 44 | . 1 9 9 4 5 3 3 4 4 4 11 2 2 44 . 1 . . 1 4 6 8 5 5 6 6 Average Overweight (x) 2 | . . 5 4 4 3 2 2 3 4 1 1 1 2 7 . . . . . 2 2 . 2 3 3 3 Largest Inventory Capacity 30 | 8 8 25 25 25 25 25 25 25 25 25 25 25 25 25 25 25 5 15 15 20 20 30 30 30 30 30 Average Capacity 23 | 6 8 21 25 25 24 25 25 25 25 25 25 25 25 25 25 24 5 12 15 18 20 21 30 30 30 29 Most Carried 30 | 7 8 18 25 25 25 25 25 25 25 25 25 25 25 25 25 25 5 15 15 20 20 30 30 30 30 30 Average Carried 22 | 3 7 15 23 24 23 21 24 24 25 24 24 23 24 24 24 22 4 8 14 17 19 21 28 29 29 28 Final Capacity 30 | 8 8 25 25 25 25 25 25 25 25 25 25 25 25 25 25 5 5 15 15 20 20 30 30 30 30 5 Final Carried 30 | 7 8 18 25 25 25 25 25 25 25 25 25 25 25 25 21 4 5 15 15 20 20 30 28 29 29 5 Scrap Suit Usage (%) 2 | . . . . . . . . . . . . . . . . . . . . 45 2 . . . . . Parts Cannibalized 8 | . . . . . . . . . . . . . . . . . . . . 8 . . . . . . Class Distribution -------------------- 25% | Mutant 22% | Scavenger-Tank 8% | Scavenger-Mutant 6% | Scavenger-Gunner 5% | Commander-Mutant 5% | Bothacker-Tank 4% | Derelict-Gunner 4% | Scavenger-Skirmisher 4% | Scavenger-Scrapper Dominant Class ---------------- Mutant | -10/Materials Mutant | -10/Mines Mutant | -10/Subcaves Mutant | -9/Recycling Mutant | -9/Scraptown Hacker-Mutant | -6/Factory Derelict-Gunner | -6/Lower Caves Derelict-Gunner | -6/Lower Caves Derelict-Gunner | -6/Data Miner Derelict-Tank | -5/Proximity Caves Scavenger-Mutant | -5/Factory Scavenger-Gunner | -5/Extension Commander-Mutant | -5/Cetus Commander-Mutant | -5/Archives Scavenger-Tank | -5/Hub_04(d) Scavenger-Tank | -4/Factory Scavenger-Tank | -4/Waste Scavenger-Tank | -4/Factory Scavenger-Tank | -4/Garrison Scavenger-Tank | -3/Research Scavenger-Scrapper | -3/Testing Scavenger-Skirmisher | -3/Garrison Scavenger-Tank | -2/Research Bothacker-Tank | -2/Garrison Bothacker-Tank | -2/Research Hauler-Tank | -2/Quarantine Resources | -11 -10 -10 -10 -9 -9 -6 -6 -6 -6 -5 -5 -5 -5 -5 -5 -4 -4 -4 -4 -3 -3 -3 -2 -2 -2 -2 ----------- Run | Yrd Mat Min Sub Rec Scr Fac Low Low Dat Pro Fac Ext Cet Arc Hub Fac Was Fac Gar Res Tes Gar Res Gar Res Qua Matter Collected 17504 | 288 69 530 772 420 70 325 446 196 . 1044 1577 1413 150 427 314 997 316 81 508 1066 1176 1221 255 410 2018 1415 Remotely . | . . . . . . . . . . . . . . . . . . . . . . . . . . . Salvage Created 22051 | 104 79 432 411 267 . 401 69 45 . 399 1189 874 112 323 400 2122 108 144 451 806 1871 2260 462 515 4224 3983 Parts 916 | 9 7 15 24 13 . 13 9 . . 19 54 48 2 29 22 77 4 9 19 37 110 79 10 13 167 127 Haulers Intercepted 1 | . . . . . . . . . . . . . . . . . . . . 1 . . . . . . Recyclers Shooed 17 | . 1 6 . 2 . 1 . . . . 3 1 . . . 1 . . . 1 . . . . 1 . Parts Field Recycled . | . . . . . . . . . . . . . . . . . . . . . . . . . . . Retrieved Matter . | . . . . . . . . . . . . . . . . . . . . . . . . . . . Parts Self-Destructed 33 | . . . 6 . . . 4 6 . 17 . . . . . . . . . . . . . . . . Prevented 2 | . . . . . . . . . . 2 . . . . . . . . . . . . . . . . Parts Restored . | . . . . . . . . . . . . . . . . . . . . . . . . . . . Kills | -11 -10 -10 -10 -9 -9 -6 -6 -6 -6 -5 -5 -5 -5 -5 -5 -4 -4 -4 -4 -3 -3 -3 -2 -2 -2 -2 ------- Run | Yrd Mat Min Sub Rec Scr Fac Low Low Dat Pro Fac Ext Cet Arc Hub Fac Was Fac Gar Res Tes Gar Res Gar Res Qua Combat Hostiles Destroyed 296 | . . . 12 . . 6 . 1 . 8 5 8 1 . 6 26 . 2 10 4 24 15 4 11 66 87 Melee 9 | . . . . . . . . . . . . . . . . . . . . . 5 . . . 1 3 Guns 57 | . . . 4 . . 3 . 1 . 2 4 6 . . . 10 . . 1 4 11 3 2 1 4 1 Cannons 91 | . . . 6 . . 1 . . . 2 1 . . . 4 6 . . 8 . 4 3 1 1 36 18 AOE 101 | . . . 2 . . 2 . . . 2 . 2 . . 1 3 . 2 . . . 4 1 8 19 55 Classes Destroyed 27 | 2 2 1 2 1 . 2 1 . . 1 1 1 . . . . 2 . 2 3 1 1 . . 2 2 Worker 15 | . . 1 . . . 1 . . . . 5 . . . 2 4 . . . . 1 . . . 1 . Builder 15 | . . . . 1 . . . . . . . 2 . . . 2 . 1 . . 2 . . . 7 . Tunneler 6 | 1 . 1 . . . . . . . . 2 . . . . . . . . 1 . . . . 1 . Hauler 1 | . . . . . . . . . . . . . . . . . . . . 1 . . . . . . Recycler 26 | 1 1 5 . 2 . 2 . . . . 6 2 . . . 1 . . . 1 1 . 1 . 2 1 Mechanic 5 | . . . . . . . . . . . . . . . . . . . . . 2 . . . . 3 Operator 15 | . 1 . . . . . . . . . . 1 . 9 1 1 . 1 . . 1 . . . . . Watcher 10 | . 1 . . . . . . . . . . . 1 . 2 1 . . . . . . 2 . . 3 Swarmer 42 | . . . . . . 3 . . . . . 2 . . . . . 2 3 . 6 . . 7 10 9 Cutter 4 | . . . . . . . . . . . . . . . . . . . . . . 4 . . . . Saboteur 3 | . . . . . . . . . . . . . . . . . . . . . . . . . 1 2 Grunt 105 | . . . . . . . . 1 . 6 3 1 . . 3 22 . . . 3 . 2 1 1 28 34 Brawler 14 | . . . . . . . . . . . . . . . . . . . 1 . 2 . . . 5 6 Duelist 7 | . . . . . . . . . . . . . . . . . . . 1 . . . . . 2 4 Protector 7 | . . . . . . . . . . . . . . . . . . . . . . . . . 1 6 Researcher 1 | . . . . . . . . . . . . . . . . . . . . . 1 . . . . . Sentry 19 | . . . 1 . . 2 . . . . . 3 . . 2 . . . 3 . . 4 1 1 2 . Specialist 5 | . . . . . . . . . . . . . . . . . . . . 1 . . . . 2 2 Hunter 16 | . . . . . . 1 . . . 1 . . . . . . . . . . 1 3 2 1 3 4 Programmer 49 | . . . . . . . . . . . 2 . . . 1 4 . . 2 . 15 1 . . 11 13 Behemoth 6 | . . . . . . . . . . 1 . 2 . . . . . . . . . 1 . 1 1 . Cetus Guard 1 | . . . . . . . . . . . . . 1 . . . . . . . . . . . . . Lightning 3 | . . . . . . . . . . . . . . . . . . . . . . . . . . 3 Investigator 1 | . . . . . . . . . . . . . . . . . . . . . . . . . . 1 Striker 2 | . . . . . . . . . . . . . . . . . . . . . . . . . . 2 Executioner 2 | . . . . . . . . . . . . . . . . . . . . . . . . . . 2 Subdweller 11 | . . . 11 . . . . . . . . . . . . . . . . . . . . . . . Explorer 1 | . . . . . . . . . . . . 1 . . . . . . . . . . . . . . Scrapoid 3 | . . . . . . . . . . . . . . . . . . . . 2 . . . 1 . . Surgeon 2 | . . . . . . . . . . . . . . . . . 1 1 . . . . . . . . Wasp 2 | . . . . . . . . . . . . . . . . . . 2 . . . . . . . . Thug 1 | . . . . . . . . . . . . . . . . . . 1 . . . . . . . . Martyr 2 | . . . . . . . . . . . . . . . . . 1 . 1 . . . . . . . Infiltrator 1 | . . . . . . . . . . . . . . . . . . . . . . 1 . . . . Commander 1 | . . . . . . . 1 . . . . . . . . . . . . . . . . . . . Best Kill Streak 18 | 1 1 2 3 2 . 5 . 1 . 3 4 3 2 2 3 8 . 2 4 2 7 8 4 5 14 18 Combat Bots Only 16 | . . . 3 . . 5 . 1 . 3 3 2 1 . 1 5 . 2 4 2 3 8 2 5 10 16 Max Kills in Single Turn 6 | 1 1 1 1 1 . 2 1 1 . 1 1 2 1 1 3 1 1 5 2 1 2 4 1 3 4 6 Gunslinging 1 | . . . . . . . . . . . . . . . . . . . . . 1 . . . . . Exploded 5 | . . . 1 . . 1 . . . 1 . 1 . . 1 1 . 2 . . . 4 1 3 3 5 Melee 1 | . . . . . . . . . . . . . . . . . . . . . 1 . . . 1 1 Uniques/NPCs Destroyed 1 | . . . . . . . . . . . . . . . . . . . . 1 . . . . . . Revision 17++ (-3/Research) Combat | -11 -10 -10 -10 -9 -9 -6 -6 -6 -6 -5 -5 -5 -5 -5 -5 -4 -4 -4 -4 -3 -3 -3 -2 -2 -2 -2 -------- Run | Yrd Mat Min Sub Rec Scr Fac Low Low Dat Pro Fac Ext Cet Arc Hub Fac Was Fac Gar Res Tes Gar Res Gar Res Qua Hostile Shots Fired 2429 | . 2 . 79 . . 6 1 27 . 79 18 30 10 . 93 536 . 6 97 39 258 169 33 9 371 566 Missed 643 | . 1 . 23 . . 1 1 5 . 23 11 8 6 . 15 160 . 3 18 12 52 68 6 2 94 134 Deflected 4 | . . . . . . . . . . . . . . . . . . . . . 4 . . . . . Hits 1786 | . 1 . 56 . . 5 . 22 . 56 7 22 4 . 78 376 . 3 79 27 206 101 27 7 277 432 Melee 71 | . . . . . . . . . . . . . . . . 1 . . 13 . . 5 . . 7 45 Projectile 1715 | . 1 . 56 . . 5 . 22 . 56 7 22 4 . 78 375 . 3 66 27 206 96 27 7 270 387 AOE 1 | . . . . . . . . . . . . . . . . . . . . . . . . . . 1 Critical Strikes 115 | . . . 1 . . . . 2 . 4 . 1 . . 10 22 . . 5 2 12 9 2 . 20 25 Part Disruptions 5 | . . . . . . . . . . . . . . . 2 . . . . . 2 . . . 1 . Damage Taken 38725 | . 13 . 1018 . . 103 . 343 . 948 136 479 99 . 2495 6590 . 120 1771 494 4584 2247 745 205 6859 9476 Core 3693 | . 13 . 225 . . . . 15 . 49 . 23 25 . 311 797 . . 46 . 393 341 41 . 389 1025 Absorbed by Shields 3343 | . . . . . . . . 124 . 308 . 53 . . 122 . . 20 127 135 . . . . . 2454 Reduced by Siege Mode 1895 | . . . . . . . . . . . . . . . . 472 . . 117 . . . . . 428 878 Redirected to Core 110 | . . . . . . . . . . . . . . . . . . . . . . . . . . 110 Redirected to Shielding 62 | . . . . . . . . . . . . . . . . . . . . . . 62 . . . . Ignored by Resistances 48 | . . . . . . . . 48 . . . . . . . . . . . . . . . . . . Regen/Repaired (Parts) 4723 | . . . . . . . . . . . . 91 . . . 1495 505 17 88 186 547 450 91 132 435 686 Core Remaining (%) 54 | 100 . . . . 4 . . . . 92 . . . . 64 . . . 26 . . 43 . . . . Volleys Fired 1147 | 3 8 20 88 3 1 49 12 18 . 31 27 41 19 49 34 131 5 3 58 53 100 106 20 14 141 113 Largest 5 | 2 2 2 2 1 1 3 1 3 . 3 3 3 1 2 3 3 3 2 4 4 4 2 1 1 5 2 Hottest 476 | 40 50 40 100 33 . 128 40 151 . 151 154 147 81 115 224 298 161 113 257 320 230 150 120 200 476 275 Shots Fired 1831 | 6 16 40 114 3 1 57 12 22 . 68 49 102 19 67 63 162 12 7 94 104 151 114 34 28 359 127 Gun 898 | 6 15 40 50 3 . 48 . 4 . 40 33 97 . 67 4 68 4 3 28 80 108 81 15 14 57 33 Cannon 795 | . 1 . 34 . . 7 11 14 . 19 16 . 19 . 56 91 8 4 66 10 34 25 18 10 282 70 Launcher 64 | . . . 5 . . 2 . 4 . 8 . 2 . . 3 3 . . . . . 1 . 3 9 24 Special 74 | . . . 25 . 1 . 1 . . 1 . 3 . . . . . . . 14 9 7 1 1 11 . Kinetic 792 | 6 16 40 65 3 . 48 11 11 . 41 33 66 . 44 21 40 8 4 47 41 73 8 9 . 135 22 Thermal 684 | . . . 44 . . 2 . 2 . 18 16 31 . 23 28 63 4 3 47 41 49 53 24 24 184 28 Explosive 60 | . . . 5 . . 2 . 4 . 4 . 2 . . 3 3 . . . . . 1 . 3 9 24 Electromagnetic 246 | . . . . . . 5 . 5 . 4 . . 19 . 11 56 . . . 8 20 45 . . 20 53 Robot Hit Streak 36 | 3 4 4 17 . 13 11 12 16 . 8 13 17 19 8 5 14 3 . 15 17 10 10 12 5 36 20 Robot Miss Streak 12 | 1 2 3 3 . . 2 . 3 . 3 2 2 3 5 4 3 4 7 12 5 8 3 6 4 5 2 Penetration Max 1 | . . . . . . . . . . . . 1 . 1 . 1 1 . . . . . . . 1 1 Secondary Targets 8 | . . . . . . . . . . . . 1 . . . 2 . . . 1 4 . . . . . Max Gunslinging Chain 1 | . . . . . . . . . . . . 1 . . . 1 . . . 1 1 . . . . . Capacitor 9 | . . . . . . . . . . . . . . . . . . . . . . . . . . 9 Autonomous 28 | . . . . . . . . . . . . . . . . . . . . . . . 14 14 . . Shots Hit Robots 1209 | 3 10 22 53 7 1 18 7 6 . 40 48 86 14 42 30 116 10 1 51 66 95 95 30 22 233 103 Core Hits 713 | 3 6 11 20 3 . 14 2 6 . 25 26 31 3 21 26 56 4 10 25 27 43 48 19 18 124 142 Critical Kills 21 | . . 2 . . . . . . . 1 . 2 . 2 . 1 1 . . . 4 . . . 5 3 Critical Parts Destroyed 18 | . . . 1 . . . . . . 1 . 1 . 1 . . . 1 3 1 3 . . . 5 1 Critical Strikes 84 | . . 2 4 . . 1 1 . . 2 2 8 . 3 1 4 6 1 5 4 11 9 . . 12 8 Burn 6 | . . . . . . . . . . . . 4 . . . . . . . 1 1 . . . . . Meltdown 8 | . . . . . . . . . . . . . . . . . . . . . 3 . . . 3 2 Destroy 36 | . . 2 2 . . . . . . 2 . 3 . 3 . 1 4 1 3 1 4 1 . . 7 2 Blast 8 | . . . 2 . . . . . . . . . . . 1 . . . 2 . 1 1 . . 1 . Corrupt 11 | . . . . . . 1 . . . . . . . . . 3 . . . . . 3 . . 1 3 Impale 15 | . . . . . . . 1 . . . 2 1 . . . . 2 . . 2 2 4 . . . 1 Melee Attacks 276 | . . . 15 11 . 7 6 2 . . 24 29 . 2 . 1 5 2 6 4 56 81 1 6 2 16 Impact 9 | . . . . . . 7 . 2 . . . . . . . . . . . . . . . . . . Slashing 15 | . . . . . . . . . . . 4 . . . . . . . . . . . . . . 11 Piercing 250 | . . . 15 11 . . 6 . . . 20 29 . . . 1 5 2 6 4 56 81 1 6 2 5 Sneak Attacks 53 | . . . . 4 . 1 6 . . . 16 8 . 2 . . 5 1 . 3 4 . 1 . 1 1 Combat Hostiles . | . . . . . . . . . . . . . . . . . . . . . . . . . . . Follow-up Attacks . | . . . . . . . . . . . . . . . . . . . . . . . . . . . Martial Strikes 3 | . . . . . . . . . . . . . . . . . . . . . 3 . . . . . Damage Inflicted 77443 | 38 138 267 1452 328 . 749 298 398 . 1592 1866 2432 651 1014 1844 4750 608 1134 2122 1893 4886 6058 1528 3289 13630 24478 Guns 15107 | 38 118 267 506 . . 260 . 66 . 642 599 2042 . 1014 58 1521 91 30 593 1346 1464 1610 706 820 694 622 Cannons 25087 | . 20 . 469 . . 127 . 100 . 327 210 . 471 . 1042 2586 124 48 1529 176 1189 644 657 412 9610 5346 Explosions 28240 | . . . 477 . . 204 . 232 . 623 . 221 180 . 744 615 . 936 . . 312 455 57 2057 3248 17879 Melee 8935 | . . . . 328 . 158 298 . . . 1057 161 . . . . 393 120 . 371 1921 3349 108 . 78 593 Ramming 74 | . . . . . . . . . . . . 8 . . . 28 . . . . . . . . . 38 Kinetic 14968 | 38 138 267 656 . . 260 . 72 . 640 472 1400 . 735 374 833 124 48 1437 734 984 478 397 . 4140 741 Thermal 27670 | . . . 319 . . 27 . 24 . 329 337 642 180 279 484 1746 91 299 685 718 1699 1006 966 1329 7037 9473 Explosive 19519 | . . . 477 . . 204 . 232 . 338 . 221 . . 420 399 . 667 . . . 455 57 1960 2012 12077 Electromagnetic 6277 | . . . . . . 100 . 70 . 285 . . 471 . 566 1744 . . . 70 282 770 . . 363 1556 Impact 158 | . . . . . . 158 . . . . . . . . . . . . . . . . . . . . Slashing 638 | . . . . . . . . . . . 161 . . . . . . . . . . . . . . 477 Piercing 8139 | . . . . 328 . . 298 . . . 896 161 . . . . 393 120 . 371 1921 3349 108 . 78 116 Highest Corruption 52 | . . . . . . . . . . . . . 2 7 20 28 28 28 36 9 48 52 . . . 24 Average Corruption 21 | . . . . . . . . . . . . . 2 2 3 14 28 28 31 6 23 50 . . . 10 Corruption Purged 23 | . . . . . . . . . . . . . . 23 . . . . . . . . . . . . Corruption Blocked 28 | . . . . . . . . . . . . . . . . . . . . . . . . . 20 8 Effects 404 | . . . . . . . . . . . . . 1 9 13 45 31 14 39 24 88 102 . . . 38 Message Errors 86 | . . . . . . . . . . . . . . . 4 8 6 . 7 6 20 27 . . . 8 Matter Fused 96 | . . . . . . . . . . . . . . 3 6 10 7 2 8 6 22 21 . . . 11 Heat Flow Errors 44 | . . . . . . . . . . . . . . 1 2 6 2 3 5 4 7 11 . . . 3 Energy Discharges 37 | . . . . . . . . . . . . . . 3 . 3 3 4 2 2 9 7 . . . 4 Parts Rejected 4 | . . . . . . . . . . . . . . . . 1 . . . . 1 1 . . . 1 Parts Fused 5 | . . . . . . . . . . . . . . . . . 1 . 1 . 1 2 . . . . Data Loss (minor) 52 | . . . . . . . . . . . . . 1 1 . 4 4 3 3 2 11 19 . . . 4 Data Loss (major) 19 | . . . . . . . . . . . . . . . 1 6 1 . 1 1 3 3 . . . 3 Misfires 15 | . . . . . . . . . . . . . . . . 1 2 1 2 3 5 . . . . 1 Alerts 8 | . . . . . . . . . . . . . . . . 1 1 1 2 . . 2 . . . 1 Misdirections 8 | . . . . . . . . . . . . . . . . 2 1 . 1 . 1 2 . . . 1 Weapon Failures 30 | . . . . . . . . . . . . . . 1 . 3 3 . 7 . 8 7 . . . 1 Overload Shots . | . . . . . . . . . . . . . . . . . . . . . . . . . . . Overflow Damage 5061 | . . . 3 73 . 107 18 . . . 250 44 25 . 37 211 48 122 7 268 402 348 173 168 874 1883 Projectiles 1971 | . . . . . . 35 . . . . . . 23 . 29 211 . . 7 17 175 15 5 . 693 761 Explosions 1442 | . . . 3 . . 14 . . . . . 15 2 . 8 . . 32 . . . 55 90 168 181 874 Melee 1648 | . . . . 73 . 58 18 . . . 250 29 . . . . 48 90 . 251 227 278 78 . . 248 Knockbacks 45 | . . . 2 . . 1 . . . . 2 . . . 3 . . 1 4 1 2 3 2 . 17 7 Impact 1 | . . . . . . . . . . . . . . . . . . . . . . . . . . 1 Kinetic 42 | . . . 2 . . . . . . . 2 . . . 3 . . 1 4 1 2 2 2 . 17 6 Secondary 2 | . . . . . . 1 . . . . . . . . . . . . . . . 1 . . . . Self-Inflicted Damage 1374 | . . . 36 . . 3 . 112 . . . 4 . . 134 27 . 100 . . . 114 121 . 49 674 Shots 23 | . . . 2 . . 1 . 3 . . . . . . 2 1 . 1 . . . 1 1 . 1 10 Rammed 9 | . . . . . . . . . . . . 1 . . . 4 . . . . . . . . . 4 Targets Rammed 9 | . . . . . . . . . . . . 1 . . . 4 . . . . . . . . . 4 Kicked . | . . . . . . . . . . . . . . . . . . . . . . . . . . . Crushed . | . . . . . . . . . . . . . . . . . . . . . . . . . . . Highest Temperature 734 | . 6 . 90 . . 120 . 162 . 327 225 225 . 189 341 734 265 216 530 312 385 268 457 49 571 218 Average Temperature 124 | . 6 . 42 . . 40 . 57 . 98 82 92 . 57 129 180 107 122 188 128 116 85 167 19 132 113 Received Heat Transfer 4250 | . 9 . 255 . . 12 . 88 . 225 27 131 . . 285 1344 . . 162 118 . 147 90 18 813 526 Effects 44 | . . . . . . . . . . . . . . . 2 14 . . 5 6 4 . 1 . 12 . Shutdowns 7 | . . . . . . . . . . . . . . . . . . . 1 . 2 . 1 . 3 . Energy Bleed 8 | . . . . . . . . . . . . . . . . 2 . . 3 1 . . . . 2 . Interference 22 | . . . . . . . . . . . . . . . 2 9 . . 1 5 . . . . 5 . Matter Decay 2 | . . . . . . . . . . . . . . . . 2 . . . . . . . . . . Short Circuit 2 | . . . . . . . . . . . . . . . . . . . . . 1 . . . 1 . Damage (minor) 2 | . . . . . . . . . . . . . . . . 1 . . . . 1 . . . . . Damage (core) 1 | . . . . . . . . . . . . . . . . . . . . . . . . . 1 . Siege Activations 22 | . . . . . . . . . . . . . . . . 5 . . 4 . 1 . . . 6 6 Total Turns 696 | . . . . . . . . . . . . . . . . 145 . . 72 . 2 . . . 154 323 Longest Duration 120 | . . . . . . . . . . . . . . . . 57 . . 26 . 2 . . . 43 120 Martial Activations 1 | . . . . . . . . . . . . . . . . . . . . . 1 . . . . . Total Turns 68 | . . . . . . . . . . . . . . . . . . . . . 68 . . . . . Longest Duration 68 | . . . . . . . . . . . . . . . . . . . . . 68 . . . . . Shielding Activations . | . . . . . . . . . . . . . . . . . . . . . . . . . . . Robots Disrupted 1 | . . . . . . . . . . . . . . . . . . . . . . . . . . 1 Combat Hostiles 1 | . . . . . . . . . . . . . . . . . . . . . . . . . . 1 Robots Corrupted 34 | . . . . . . 3 . . . 2 . . 1 . 1 9 . . . . 1 5 . . 2 10 Combat Hostiles 27 | . . . . . . . . . . 2 . . 1 . 1 7 . . . . 1 5 . . 2 8 Parts Fried 44 | . . . . . . 6 . . . 4 . 1 2 . 2 15 . . . . 1 5 . . 1 7 Impact Corruptions 5 | . . . . . . 4 . . . . . . . . . . . . . . . . . . . 1 Robots Melted 12 | . . . . . . . . . . . . . . . . . . . 1 . 4 . . 1 4 2 Combat Hostiles 12 | . . . . . . . . . . . . . . . . . . . 1 . 4 . . 1 4 2 Parts Melted 58 | . . . . . . . . . . . . 1 . 1 . 3 . . 1 3 16 4 1 6 17 5 Heat Transferred 24600 | . . . 422 . . 37 . 37 . 661 595 1285 250 370 37 1682 93 187 888 1400 1309 1295 884 1052 5597 6519 Parts Sabotaged 6 | . . . . . . . . . . . . . . . . . . . . . . . . . 2 4 Parts Stolen . | . . . . . . . . . . . . . . . . . . . . . . . . . . . Parts Stripped . | . . . . . . . . . . . . . . . . . . . . . . . . . . . Power Chain Reactions 5 | . . . . . . . . . . . . . 1 . 2 2 . . . . . . . . . . Alert | -11 -10 -10 -10 -9 -9 -6 -6 -6 -6 -5 -5 -5 -5 -5 -5 -4 -4 -4 -4 -3 -3 -3 -2 -2 -2 -2 ------- Run | Yrd Mat Min Sub Rec Scr Fac Low Low Dat Pro Fac Ext Cet Arc Hub Fac Was Fac Gar Res Tes Gar Res Gar Res Qua Maximum Alert Level 5 | . . . . . . 1 . . . . . 1 1 1 4 3 1 1 2 3 3 4 3 4 5 5 Low Security (%) 42 | 100 100 100 . 100 . 97 . . . . 100 93 50 93 5 7 67 79 2 24 . . . . . . Level 1 14 | . . . . . . 2 . . . . . 6 49 6 5 37 32 20 72 43 30 15 . . . . Level 2 13 | . . . . . . . . . . . . . . . 45 42 . . 24 10 64 24 . . . . Level 3 9 | . . . . . . . . . . . . . . . 40 13 . . . 20 4 30 100 15 18 . Level 4 13 | . . . . . . . . . . . . . . . 3 . . . . . . 29 . 84 44 67 Level 5 2 | . . . . . . . . . . . . . . . . . . . . . . . . . 27 . High Security 3 | . . . . . . . . . . . . . . . . . . . . . . . . . 9 32 Max Security . | . . . . . . . . . . . . . . . . . . . . . . . . . . . Peak Influence 2595 | 5 7 5 . 125 . 206 . . . . 125 372 270 229 1213 804 235 314 545 958 737 1319 1095 1531 2560 2595 Initial 1440 | . . . . 120 . . . . . . . 1 86 53 . 594 221 39 212 306 524 316 741 813 861 1440 Average 517 | 1 . . . 53 . 47 . . . . 33 105 194 42 665 432 163 115 372 394 485 838 829 1349 1554 1606 Influence Increases 16749 | 10 26 35 280 207 . 280 45 110 . 279 291 913 334 332 1941 1112 98 494 423 1344 1244 1083 454 748 2499 2167 Destroy 0b10 Robot/C 7395 | . . . 80 20 . 160 . 80 . 200 140 460 140 80 680 600 . 160 220 560 520 400 160 320 1185 1230 Destroy 0b10 Robot/NC 656 | 10 15 35 . 20 . 20 . . . . 65 45 10 45 45 50 . 20 5 25 50 65 15 4 60 52 Destroy Leader 1268 | . 2 . . . . 52 . 20 . 40 40 54 . . 188 102 . 42 10 94 84 50 44 46 218 182 Allied During Kill 2237 | . . . 5 1 . 21 . 10 . 24 15 272 147 125 470 23 . 152 2 418 18 16 109 168 241 . Successful Hack 410 | . 9 . . 14 . . . . . . 13 22 9 . 7 38 . . 42 . 125 32 . 14 . 85 Select Force Hacks 200 | . . . . 150 . . . . . . . . . . 50 . . . . . . . . . . . Disable Machine 801 | . . . . . . . . . . . . . . 60 75 90 . 60 . 60 210 75 15 . 72 84 Anti-Garrison Action 350 | . . . . . . . . . . . . . . . . . . . 100 . . 250 . . . . Destroy Structure 2841 | . . . . 2 . 27 . . . . 18 60 28 22 306 164 98 60 44 172 192 180 111 196 699 462 Lose Combat Pursuer 591 | . . . 195 . . . 45 . . 15 . . . . 120 45 . . . 15 45 15 . . 24 72 Influence Decreases 14242 | 10 26 35 28 459 . 84 241 110 . 279 287 762 355 466 728 1691 675 247 182 957 1754 186 688 302 1470 2220 Entered New Map 4893 | . . . . 132 . . 73 . . . . 3 69 81 . 619 413 18 92 239 408 106 578 272 670 1120 Time Decay 5841 | 10 26 35 28 327 . 84 168 110 . 246 267 419 246 365 458 542 262 129 . 478 571 . 100 . 530 440 Lost Part 773 | . . . . . . . . . . 13 . 40 . . 20 210 . . 30 . 80 40 10 10 110 210 Lost Ally 860 | . . . . . . . . . . 20 20 . 40 20 100 20 . 100 60 240 20 40 . 20 160 . Purge Threat 1875 | . . . . . . . . . . . . 300 . . 150 300 . . . . 675 . . . . 450 Squads Dispatched 100 | . 1 . . . . 3 . . . . 4 2 . . 9 15 . 3 . 11 7 . 3 . 20 22 Investigation 16 | . . . . . . . . . . . 1 . . . 2 4 . . . 7 . . 1 . 1 . Extermination 18 | . . . . . . . . . . . 1 . . . 2 2 . . . 1 5 . . . 4 3 Reinforcement 22 | . 1 . . . . 2 . . . . . 2 . . 3 4 . 1 . 3 1 . 1 . 3 1 Assault 35 | . . . . . . . . . . . 2 . . . 2 3 . . . . . . . . 10 18 Garrison 9 | . . . . . . 1 . . . . . . . . . 2 . 2 . . 1 . 1 . 2 . Intercept . | . . . . . . . . . . . . . . . . . . . . . . . . . . . Searches Triggered . | . . . . . . . . . . . . . . . . . . . . . . . . . . . Data Miner Redirects 6 | . . . . . . . . . . . . . . . 2 1 . . . . . . . . 2 1 Construction Impeded 3 | . . . . . . 1 . . . . . . . . 1 1 . . . . . . . . . . Haulers Reinforced 1 | . . . . . . . . . . . . . . . . . . . . 1 . . . . . . Active Scanning Responses . | . . . . . . . . . . . . . . . . . . . . . . . . . . . Cargo Convoy Interrupts . | . . . . . . . . . . . . . . . . . . . . . . . . . . . Stealth | -11 -10 -10 -10 -9 -9 -6 -6 -6 -6 -5 -5 -5 -5 -5 -5 -4 -4 -4 -4 -3 -3 -3 -2 -2 -2 -2 --------- Run | Yrd Mat Min Sub Rec Scr Fac Low Low Dat Pro Fac Ext Cet Arc Hub Fac Was Fac Gar Res Tes Gar Res Gar Res Qua Distress Signals 20 | . . . . . . 1 . . . . 1 1 1 . 4 3 . 1 . 4 1 . . . 2 1 Communications Jammed 3 | . . . . . . . . . . . . . . . 2 1 . . . . . . . . . . Distress Signals 2 | . . . . . . . . . . . . . . . 2 . . . . . . . . . . . Times Spotted 596 | . 7 . 19 1 . 10 1 4 . 11 9 21 11 22 49 61 7 3 12 53 29 27 9 17 87 126 Peak Tracking Total 19 | . 2 . 6 . . 4 3 3 . 4 4 4 5 . 14 19 3 3 6 5 4 8 3 7 10 18 Tactical Retreats 26 | . . . 5 . . . 1 . . 1 . . . . 4 3 . . . 1 3 1 . . 2 5 Traps | -11 -10 -10 -10 -9 -9 -6 -6 -6 -6 -5 -5 -5 -5 -5 -5 -4 -4 -4 -4 -3 -3 -3 -2 -2 -2 -2 ------- Run | Yrd Mat Min Sub Rec Scr Fac Low Low Dat Pro Fac Ext Cet Arc Hub Fac Was Fac Gar Res Tes Gar Res Gar Res Qua Traps Triggered 19 | . . . . . . . . . . . . 4 . . 2 3 . . . 2 5 2 . . 1 . Indirectly 1 | . . . . . . . . . . . . . . . 1 . . . . . . . . . . . Trap Hack Attempts . | . . . . . . . . . . . . . . . . . . . . . . . . . . . Triggered . | . . . . . . . . . . . . . . . . . . . . . . . . . . . Disarmed . | . . . . . . . . . . . . . . . . . . . . . . . . . . . Reprogrammed . | . . . . . . . . . . . . . . . . . . . . . . . . . . . Reused . | . . . . . . . . . . . . . . . . . . . . . . . . . . . Traps Extracted . | . . . . . . . . . . . . . . . . . . . . . . . . . . . Installed . | . . . . . . . . . . . . . . . . . . . . . . . . . . . Triggered . | . . . . . . . . . . . . . . . . . . . . . . . . . . . Most Traps Carried 4 | . . . . . . . . . . . . . . . . . . . . . . 4 4 4 4 4 Machines | -11 -10 -10 -10 -9 -9 -6 -6 -6 -6 -5 -5 -5 -5 -5 -5 -4 -4 -4 -4 -3 -3 -3 -2 -2 -2 -2 ---------- Run | Yrd Mat Min Sub Rec Scr Fac Low Low Dat Pro Fac Ext Cet Arc Hub Fac Was Fac Gar Res Tes Gar Res Gar Res Qua Machines Disabled 66 | . . . . . . . . . . . . 1 . 4 5 6 . 4 2 4 16 9 1 . 6 8 Max in Single Turn 4 | . . . . . . . . . . . . 1 . 1 4 1 . 2 1 1 2 1 1 . 3 2 Garrison Access 8 | . . . . . . 1 . . . . 1 . . . 1 1 . . . 1 . . . . 2 1 Garrison Relay 5 | . . . . . . . . . . . . . . . . . . . 2 . . 3 . . . . Network Hub 3 | . . . . . . . . . . . . . . . 3 . . . . . . . . . . . Machines Repaired . | . . . . . . . . . . . . . . . . . . . . . . . . . . . Machines Dismantled . | . . . . . . . . . . . . . . . . . . . . . . . . . . . Machines Sabotaged 1 | . . . . . . . . . . . . . . . 1 . . . . . . . . . . . Overloaded Fab Kills . | . . . . . . . . . . . . . . . . . . . . . . . . . . . Hacking | -11 -10 -10 -10 -9 -9 -6 -6 -6 -6 -5 -5 -5 -5 -5 -5 -4 -4 -4 -4 -3 -3 -3 -2 -2 -2 -2 --------- Run | Yrd Mat Min Sub Rec Scr Fac Low Low Dat Pro Fac Ext Cet Arc Hub Fac Was Fac Gar Res Tes Gar Res Gar Res Qua Machines Accessed 89 | . 2 1 . 10 2 3 3 1 4 . 2 6 1 . 7 7 . 1 2 8 9 1 2 1 4 12 Terminals 38 | . 1 . . 5 . 1 . . . . 1 5 1 . 6 1 . . 2 . 4 1 . 1 . 9 Fabricators 8 | . . . . . . . . . . . 1 . . . . 2 . . . 3 1 . . . 1 . Repair Stations 3 | . . . . . . . . . . . . 1 . . . 2 . . . . . . . . . . Recycling Units 13 | . 1 . . 5 . 1 . . . . . . . . . 1 . . . 3 . . 1 . 1 . Scanalyzers 6 | . . . . . . . . . . . . . . . . . . . . 1 3 . . . . 2 Garrison Access 10 | . . . . . . 1 . . . . . . . . 1 1 . 1 . 1 1 . 1 . 2 1 Total Hacks 335 | . 4 1 . 27 18 7 7 1 32 . 6 14 2 . 21 40 . 3 11 21 46 9 3 3 8 51 Successful 184 | . 3 1 . 18 18 3 7 1 32 . 4 6 1 . 11 23 . 1 4 7 14 2 3 1 5 19 Failed 150 | . 1 . . 9 . 4 . . . . 2 8 1 . 10 17 . 2 7 14 32 7 . 2 3 31 Catastrophic 39 | . 1 . . 1 . . . . . . . 2 1 . 1 1 . . 4 7 8 2 . 1 2 8 Database Lockouts 1 | . . . . . . . . . . . . . . . . . . . . . . . . . . 1 Manual 139 | . 3 . . 20 . 4 . . . . 3 3 1 . 14 15 . 2 8 5 16 8 1 . 4 32 Terminals 149 | . 2 . . 16 . 3 . . . . 3 12 2 . 20 10 . . 11 . 16 9 . 3 . 42 Fabricators 34 | . . . . . . . . . . . 3 . . . . 11 . . . 9 8 . . . 3 . Repair Stations 12 | . . . . . . . . . . . . 2 . . . 10 . . . . . . . . . . Recycling Units 26 | . 2 . . 11 . 2 . . . . . . . . . 3 . . . 6 . . 1 . 1 . Scanalyzers 31 | . . . . . . . . . . . . . . . . . . . . 4 20 . . . . 7 Garrison Access 24 | . . . . . . 2 . . . . . . . . 1 6 . 3 . 2 2 . 2 . 4 2 Terminal Hacks 97 | . 1 1 . 2 18 . 7 1 32 . 2 4 1 . 5 4 . . 3 . 3 1 . 1 . 11 Record 35 | . . . . . 18 . 5 . 11 . . . . . . . . . . . . . . . . 1 Part Schematic 15 | . . . . . . . . . 13 . 1 1 . . . . . . . . . . . . . . Robot Schematic 5 | . . . . . . . . . 5 . . . . . . . . . . . . . . . . . Robot Analysis 1 | . 1 . . . . . . . . . . . . . . . . . . . . . . . . . Prototype ID Bank 3 | . . . . . . . . . 3 . . . . . . . . . . . . . . . . . Open Door 6 | . . 1 . . . . 2 1 . . . . 1 . . . . . . . . . . . . 1 Branch Access Points 1 | . . . . . . . . . . . . . . . . 1 . . . . . . . . . . Emergency Access Points 2 | . . . . . . . . . . . . . . . . . . . 1 . . 1 . . . . Terminal Index 3 | . . . . 1 . . . . . . . . . . . . . . . . . . . . . 2 Garrison Index 2 | . . . . . . . . . . . . . . . 1 1 . . . . . . . . . . Unreport Threat 10 | . . . . . . . . . . . . 2 . . 1 2 . . . . 2 . . . . 3 Locate Traps 5 | . . . . . . . . . . . 1 1 . . 2 . . . . . . . . . . 1 Recall Investigation 1 | . . . . . . . . . . . . . . . 1 . . . . . . . . . . . Hauler Manifests 1 | . . . . . . . . . . . . . . . . . . . . . . . . . . 1 Registered Components 1 | . . . . . . . . . . . . . . . . . . . . . . . . . . 1 Zone Layout 3 | . . . . 1 . . . . . . . . . . . . . . . . 1 . . . . 1 Garrison Registry 2 | . . . . . . . . . . . . . . . . . . . 1 . . . . 1 . . Patrol Navigation 1 | . . . . . . . . . . . . . . . . . . . 1 . . . . . . . Fabricator Hacks 9 | . . . . . . . . . . . 2 . . . . 5 . . . 1 1 . . . . . Network Status 3 | . . . . . . . . . . . . . . . . 1 . . . 1 1 . . . . . Load Schematic 2 | . . . . . . . . . . . 1 . . . . 1 . . . . . . . . . . Build 4 | . . . . . . . . . . . 1 . . . . 3 . . . . . . . . . . Repair Station Hacks 7 | . . . . . . . . . . . . 2 . . . 5 . . . . . . . . . . Scan Component 4 | . . . . . . . . . . . . 1 . . . 3 . . . . . . . . . . Repair 3 | . . . . . . . . . . . . 1 . . . 2 . . . . . . . . . . Recycling Unit Hacks 9 | . 1 . . 5 . 1 . . . . . . . . . 1 . . . 1 . . . . . . Report Inventory 8 | . 1 . . 4 . 1 . . . . . . . . . 1 . . . 1 . . . . . . Retrieve Components 1 | . . . . 1 . . . . . . . . . . . . . . . . . . . . . . Scanalyzer 5 | . . . . . . . . . . . . . . . . . . . . . 4 . . . . 1 Insert Component 1 | . . . . . . . . . . . . . . . . . . . . . 1 . . . . . Retrieve Study 4 | . . . . . . . . . . . . . . . . . . . . . 3 . . . . 1 Garrison Access Hacks 14 | . . . . . . 1 . . . . . . . . 1 . . 1 . 2 1 . 2 . 4 2 Unlock Access 3 | . . . . . . . . . . . . . . . . . . 1 . . 1 . 1 . . . Seal Access 6 | . . . . . . 1 . . . . . . . . 1 . . . . 1 . . . . 2 1 Coupler Status 5 | . . . . . . . . . . . . . . . . . . . . 1 . . 1 . 2 1 Unauthorized Hacks 43 | . 1 . . 11 . 1 . . . . . . . . 5 8 . . 1 3 5 1 1 . 1 5 Terminals 22 | . . . . 6 . 1 . . . . . . . . 5 2 . . 1 . 1 1 . . . 5 Track 6 | . . . . . . . . . . . . . . . 2 . . . 1 . . 1 . . . 2 Botnet 6 | . . . . 1 . . . . . . . . . . 1 1 . . . . 1 . . . . 2 Operators 3 | . . . . . . . . . . . . . . . 1 1 . . . . . . . . . 1 Skim 6 | . . . . 5 . 1 . . . . . . . . . . . . . . . . . . . . Sabotage 1 | . . . . . . . . . . . . . . . 1 . . . . . . . . . . . Fabricators 7 | . . . . . . . . . . . . . . . . 4 . . . . 3 . . . . . Report 2 | . . . . . . . . . . . . . . . . 1 . . . . 1 . . . . . Prioritize 1 | . . . . . . . . . . . . . . . . 1 . . . . . . . . . . Liberate 2 | . . . . . . . . . . . . . . . . 1 . . . . 1 . . . . . Haulers 2 | . . . . . . . . . . . . . . . . 1 . . . . 1 . . . . . Repair Stations . | . . . . . . . . . . . . . . . . . . . . . . . . . . . Recycling Units 13 | . 1 . . 5 . . . . . . . . . . . 2 . . . 3 . . 1 . 1 . Recyclers 2 | . 1 . . . . . . . . . . . . . . 1 . . . . . . . . . . Tunnel 5 | . . . . 5 . . . . . . . . . . . . . . . . . . . . . . Fedlink 1 | . . . . . . . . . . . . . . . . 1 . . . . . . . . . . Scrapoids 5 | . . . . . . . . . . . . . . . . . . . . 3 . . 1 . 1 . Scanalyzers 1 | . . . . . . . . . . . . . . . . . . . . . 1 . . . . . Researchers 1 | . . . . . . . . . . . . . . . . . . . . . 1 . . . . . Garrison Access . | . . . . . . . . . . . . . . . . . . . . . . . . . . . Data Cores Recovered . | . . . . . . . . . . . . . . . . . . . . . . . . . . . Used . | . . . . . . . . . . . . . . . . . . . . . . . . . . . Hacking Detections 57 | . 1 . . 7 . 2 . . . . 2 6 . . 6 7 . 1 2 5 7 1 . 1 1 8 Full Trace Events 4 | . . . . . . . . . . . 1 . . . . 2 . . . 1 . . . . . . Feedback Events 2 | . . . . . . . . . . . . . . . . 2 . . . . . . . . . . Corruption 1 | . . . . . . . . . . . . . . . . 1 . . . . . . . . . . Hackware Fried 1 | . . . . . . . . . . . . . . . . 1 . . . . . . . . . . Feedback Blocked . | . . . . . . . . . . . . . . . . . . . . . . . . . . . Robot Schematics Acquired 5 | . . . . . . . . . 5 . . . . . . . . . . . . . . . . . Robots Built . | . . . . . . . . . . . . . . . . . . . . . . . . . . . Authchips . | . . . . . . . . . . . . . . . . . . . . . . . . . . . Time . | . . . . . . . . . . . . . . . . . . . . . . . . . . . Total Robot Build Rating . | . . . . . . . . . . . . . . . . . . . . . . . . . . . Part Schematics Acquired 17 | . . . . . . . . . 13 . 1 1 . . . . . . . . 2 . . . . . Parts Built 7 | . . . . . . . . . . . 1 . . . . 6 . . . . . . . . . . Authchips . | . . . . . . . . . . . . . . . . . . . . . . . . . . . Time 472 | . . . . . . . . . . . 169 . . . . 303 . . . . . . . . . . Total Part Build Rating 48 | . . . . . . . . . . . 6 . . . . 42 . . . . . . . . . . Part Studies Acquired 4 | . . . . . . . . . . . . . . . . . . . . . 3 . . . . 1 Parts Repaired 3 | . . . . . . . . . . . . 1 . . . 2 . . . . . . . . . . Time 166 | . . . . . . . . . . . . 44 . . . 122 . . . . . . . . . . Parts Recycled . | . . . . . . . . . . . . . . . . . . . . . . . . . . . Recycled Matter . | . . . . . . . . . . . . . . . . . . . . . . . . . . . Retrieved Matter . | . . . . . . . . . . . . . . . . . . . . . . . . . . . Retrieved Components 6 | . . . . 6 . . . . . . . . . . . . . . . . . . . . . . Parts Scanalyzed . | . . . . . . . . . . . . . . . . . . . . . . . . . . . Part Schematics Acquired . | . . . . . . . . . . . . . . . . . . . . . . . . . . . Parts Damaged . | . . . . . . . . . . . . . . . . . . . . . . . . . . . Bothacking | -11 -10 -10 -10 -9 -9 -6 -6 -6 -6 -5 -5 -5 -5 -5 -5 -4 -4 -4 -4 -3 -3 -3 -2 -2 -2 -2 ------------ Run | Yrd Mat Min Sub Rec Scr Fac Low Low Dat Pro Fac Ext Cet Arc Hub Fac Was Fac Gar Res Tes Gar Res Gar Res Qua Used RIF Installer 4 | . . . . . . . . . . . . . . . . . . . 1 . . 1 . 2 . . Command Fork 1 | . . . . . . . . . . . . . . . . . . . . . . 1 . . . . Threat Obfuscator 1 | . . . . . . . . . . . . . . . . . . . . . . . . 1 . . Program Shield 1 | . . . . . . . . . . . . . . . . . . . . . . . . 1 . . Robots Hacked 27 | . . . . . . . . . . . . . . 2 . . . . . 8 4 6 1 1 5 . Non-combat 8 | . . . . . . . . . . . . . . . . . . . . 2 1 . . . 5 . Combat 9 | . . . . . . . . . . . . . . 2 . . . . . 1 . 6 . . . . Robot Hacks Applied 25 | . . . . . . . . . . . . . . 2 . . . . . 3 3 6 . . 11 . parse_system 5 | . . . . . . . . . . . . . . 2 . . . . . 2 . 1 . . . . start_evac 1 | . . . . . . . . . . . . . . . . . . . . . . . . . 1 . find_fabricator 1 | . . . . . . . . . . . . . . . . . . . . . . . . . 1 . find_dsf 1 | . . . . . . . . . . . . . . . . . . . . . . . . . 1 . drop_inventory 1 | . . . . . . . . . . . . . . . . . . . . . . . . . 1 . find_recycling 1 | . . . . . . . . . . . . . . . . . . . . 1 . . . . . . purge_threat 3 | . . . . . . . . . . . . . . . . . . . . . 3 . . . . . map_route 1 | . . . . . . . . . . . . . . . . . . . . . . . . . 1 . mark_security 1 | . . . . . . . . . . . . . . . . . . . . . . . . . 1 . redirect_shields 1 | . . . . . . . . . . . . . . . . . . . . . . . . . 1 . link_fov 3 | . . . . . . . . . . . . . . . . . . . . . . . . . 3 . scatter_targeting 1 | . . . . . . . . . . . . . . . . . . . . . . 1 . . . . overload_power 1 | . . . . . . . . . . . . . . . . . . . . . . . . . 1 . amplify_resonance 3 | . . . . . . . . . . . . . . . . . . . . . . 3 . . . . overwrite_iff 1 | . . . . . . . . . . . . . . . . . . . . . . 1 . . . . Manual 10 | . . . . . . . . . . . . . . . . . . . . 5 3 . 1 1 . . Relay Couplers Released 30 | . . . . . . 1 . . . . 2 . . . . 3 . . 8 . . 10 . . 4 2 Machine Destruction 30 | . . . . . . 1 . . . . 2 . . . . 3 . . 8 . . 10 . . 4 2 Attached 5 | . . . . . . . . . . . . . . . . . . . . . 1 1 . . 2 1 Fabnet Peak Effective % . | . . . . . . . . . . . . . . . . . . . . . . . . . . . Robots Rewired 7 | . . . . . . . . . . . . 7 . . . . . . . . . . . . . . Allies Hacked 3 | . . . . . . . . . . . . . . . . . . . . . 2 . . 1 . . Hacks Repelled . | . . . . . . . . . . . . . . . . . . . . . . . . . . . Allies | -11 -10 -10 -10 -9 -9 -6 -6 -6 -6 -5 -5 -5 -5 -5 -5 -4 -4 -4 -4 -3 -3 -3 -2 -2 -2 -2 -------- Run | Yrd Mat Min Sub Rec Scr Fac Low Low Dat Pro Fac Ext Cet Arc Hub Fac Was Fac Gar Res Tes Gar Res Gar Res Qua Total Allies 70 | . . . . . 1 . . . . . . 11 5 . . 1 19 . . 15 3 3 5 2 5 . Largest Group 19 | . . . . . 1 1 1 1 1 1 1 11 12 12 6 1 19 13 4 10 3 2 5 5 5 . Highest-Rated Group 766 | . . . . . 64 64 56 56 56 56 56 527 766 766 538 30 684 502 169 649 126 157 323 320 320 . Highest-Rated Ally 159 | . . . . . 64 64 56 56 56 56 56 159 153 99 99 30 50 50 50 67 42 95 67 95 95 . Initial UFD Resources 45 | . . . . . . 24 24 24 24 27 27 27 27 27 27 31 41 41 41 45 36 36 40 37 37 34 Total Orders 54 | . . . 6 19 . . . . . 5 2 . 4 7 3 2 . . . 2 . . . 4 . . STAY 18 | . . . . 5 . . . . . 2 1 . 2 2 2 . . . . 2 . . . 2 . . ROAM 2 | . . . . 2 . . . . . . . . . . . . . . . . . . . . . . FOLLOW 13 | . . . 1 . . . . . . 2 1 . 2 5 . . . . . . . . . 2 . . EXPLORE 6 | . . . 1 5 . . . . . . . . . . . . . . . . . . . . . . RETURN 15 | . . . 4 7 . . . . . 1 . . . . 1 2 . . . . . . . . . . Ally Attacks 985 | . . . 22 7 . 3 . 3 . 11 8 68 39 24 122 50 130 73 12 181 4 11 31 46 140 . Total Damage 30734 | . . . 132 38 . 465 . 286 . 305 307 2891 1401 932 5316 1381 4903 1308 181 4332 143 578 615 1229 3991 . Kills 164 | . . . 3 1 . 3 . 3 . 2 2 20 8 4 32 5 10 8 1 26 1 5 4 8 18 . Allies Corrupted 5 | . . . . . . . . . . . 1 . . . 2 . . . . . 1 . . . 1 . Allies Melted 2 | . . . . . . . . . . . . . . . 2 . . . . . . . . . . . Intel | -11 -10 -10 -10 -9 -9 -6 -6 -6 -6 -5 -5 -5 -5 -5 -5 -4 -4 -4 -4 -3 -3 -3 -2 -2 -2 -2 ------- Run | Yrd Mat Min Sub Rec Scr Fac Low Low Dat Pro Fac Ext Cet Arc Hub Fac Was Fac Gar Res Tes Gar Res Gar Res Qua Active Infowar (turns) 21045 | 12 695 869 1594 10 . 191 849 540 126 629 1100 1852 522 2269 1157 1549 560 268 614 1230 1726 1636 216 547 284 . Optics 13632 | . . . . . . . . . . . . 1208 522 2269 1157 1471 560 268 577 1210 1726 1636 216 547 265 . Structural 4222 | . . . 338 10 . 191 849 540 126 629 5 250 . 168 750 366 . . . . . . . . . . Seismic 2956 | 12 695 869 1256 . . . . . . . . . . . . . . . . . . . 124 . . . Decoding 15473 | . . . . . . . . . . . 1093 1852 522 2269 1157 1499 560 268 614 1230 1726 1636 216 547 284 . Cloaking 210 | . . . . . . . . . . . . . . . . . . . . . . 210 . . . . Jamming 2078 | . . . . . . . . . . . 3 858 . 170 920 127 . . . . . . . . . . Robot Analysis Total 1 | . 1 . . . . . . . . . . . . . . . . . . . . . . . . . Derelict Logs Recovered 11 | . . . 1 . 5 . 2 1 . 2 . . . . . . . . . . . . . . . . Drone Launches 31 | . . . 11 7 . . . . . 3 . . . . 4 6 . . . . . . . . . . Drone Recoveries 28 | . . . 9 9 . . . . . 2 . . . . 4 4 . . . . . . . . . . Decoded 0b10 Intel 303 | . . . . . . . . . . . 26 43 3 3 31 41 3 10 7 31 44 35 6 13 7 . Traps 49 | . . . . . . . . . . . 3 9 . . 2 3 . 2 1 1 10 17 . . 1 . Emergency Access 19 | . . . . . . . . . . . . 4 . . 3 . . 1 . . 5 . 4 . 2 . Items 184 | . . . . . . . . . . . 19 24 . . 21 31 3 6 3 28 25 11 2 7 4 . Machines 26 | . . . . . . . . . . . 4 5 3 1 1 4 . 1 . 2 4 1 . . . . Patrols 12 | . . . . . . . . . . . . . . . . 1 . . 1 . . 4 . 6 . . Guards 8 | . . . . . . . . . . . . . . . 3 2 . . 2 . . 1 . . . . Exits 5 | . . . . . . . . . . . . 1 . 2 1 . . . . . . 1 . . . . Exploration | -11 -10 -10 -10 -9 -9 -6 -6 -6 -6 -5 -5 -5 -5 -5 -5 -4 -4 -4 -4 -3 -3 -3 -2 -2 -2 -2 ------------- Run | Yrd Mat Min Sub Rec Scr Fac Low Low Dat Pro Fac Ext Cet Arc Hub Fac Was Fac Gar Res Tes Gar Res Gar Res Qua Turns Passed 29979 | 87 695 873 2262 758 3499 375 849 600 126 1364 1100 1852 522 2269 1157 1553 560 268 614 1230 1726 1636 216 547 1646 1595 Spaces Moved 15290 | 68 154 496 1036 320 2394 181 546 380 84 660 479 1025 279 327 562 651 331 148 234 775 1146 1301 87 329 684 613 Core 198 | 10 . . . . . . . . . . . . . 53 . 44 45 . . . . . . . . 46 Treads 2408 | . . . . . . . . . . . . . . 241 562 607 286 148 234 104 1 70 30 . 32 93 Legs 658 | . . . . . . . . . . 517 127 . . . . . . . . 6 8 . . . . . Wheels 10715 | 58 154 496 1036 320 2394 181 546 380 84 143 352 1025 279 33 . . . . . 665 1029 28 57 329 652 474 Hover 1311 | . . . . . . . . . . . . . . . . . . . . . 108 1203 . . . . Flight . | . . . . . . . . . . . . . . . . . . . . . . . . . . . Fastest Speed 50 | 50 90 95 150 140 80 116 116 129 143 143 123 110 130 130 160 50 50 152 152 90 50 50 144 131 131 50 Average Speed 139 | 83 92 158 156 140 139 117 119 136 143 179 143 118 130 499 160 152 138 154 154 107 93 68 157 141 152 153 Slowest Speed 2250 | 90 95 215 215 140 155 129 129 143 143 190 245 130 130 2250 160 240 155 155 225 400 354 234 240 180 250 241 Overloaded Moves 6 | . . . . . . . . . . . . . . . . . . . . . 6 . . . . . Propulsion Burnouts . | . . . . . . . . . . . . . . . . . . . . . . . . . . . Robots Hopped . | . . . . . . . . . . . . . . . . . . . . . . . . . . . Potential Cave-ins 5 | . . . . . . . . . . . . . . . . . . . 5 . . . . . . . Cave-ins Triggered . | . . . . . . . . . . . . . . . . . . . . . . . . . . . Exploration Rate (%) 53 | 4 26 91 57 77 89 8 74 51 69 70 7 98 72 88 76 13 95 6 35 24 94 90 3 39 25 59 Regions Visited 26 Branch Regions 14 Pre-discovered Areas 16 | . . 1 . 9 5 . . . 1 . . . . . . . . . . . . . . . . . Known Exits Taken 11 | . . . . . 1 1 1 . . 1 1 . . 1 1 . . 1 . . 1 . 1 . 1 . Unknown Exits Taken 10 | 1 1 1 1 1 . . . 1 1 . . 1 1 . . . . . . 1 . . . . . . Scrap Searched 14 | . . 1 3 . 2 . 4 . . 4 . . . . . . . . . . . . . . . . Spaces Dug 294 | . . . 1 2 . 24 3 42 . 1 3 7 . . 4 3 . 1 17 2 17 49 . 55 39 24 Terrain Destroyed 1404 | . . . 34 2 . 24 5 43 . 26 6 16 2 11 205 64 2 31 30 24 121 50 53 65 259 331 Melee 55 | . . . . 1 . 5 . 2 . . 2 7 . . . 1 . 1 4 . 8 17 . 4 1 2 Projectile 285 | . . . 3 1 . 1 5 6 . 5 4 5 . 11 16 12 2 . 26 23 77 1 5 . 74 8 AOE 1062 | . . . 31 . . 18 . 35 . 21 . 4 2 . 189 51 . 30 . . 36 32 48 61 183 321 Terrain Rammed . | . . . . . . . . . . . . . . . . . . . . . . . . . . . Walls Destroyed . | . . . . . . . . . . . . . . . . . . . . . . . . . . . Machines Disabled . | . . . . . . . . . . . . . . . . . . . . . . . . . . . Actions | -11 -10 -10 -10 -9 -9 -6 -6 -6 -6 -5 -5 -5 -5 -5 -5 -4 -4 -4 -4 -3 -3 -3 -2 -2 -2 -2 --------- Run | Yrd Mat Min Sub Rec Scr Fac Low Low Dat Pro Fac Ext Cet Arc Hub Fac Was Fac Gar Res Tes Gar Res Gar Res Qua Total 21945 | 88 690 541 1470 617 2567 270 726 432 90 778 823 1553 425 898 754 1049 408 179 393 1105 1565 1817 151 386 1063 1107 Wait 3413 | 2 517 4 219 260 96 3 122 22 7 47 246 242 82 474 120 167 31 10 42 136 78 184 . 3 60 239 Move 15267 | 67 153 495 1035 319 2393 180 545 379 83 659 478 1024 278 326 561 651 330 147 233 774 1146 1300 87 328 683 613 Hop . | . . . . . . . . . . . . . . . . . . . . . . . . . . . Pick Up 430 | 8 5 12 26 8 46 11 11 1 . 10 11 30 13 10 6 19 8 8 11 35 38 33 10 4 31 25 Fast Attach 192 | 7 . 1 2 . 1 . 3 . . 2 4 6 2 9 3 12 11 2 8 7 42 14 4 6 30 16 Attach 188 | . . . 6 . 1 8 2 2 . 6 4 6 3 7 4 18 4 . 9 8 17 13 9 7 30 24 Detach 46 | . . . . . . . . . . 3 . . . 2 . 4 . . 4 . 3 3 2 5 13 7 Swap 357 | . 3 5 59 8 3 9 9 7 . 11 15 22 9 5 16 19 5 2 8 41 24 41 4 6 17 9 Drop 484 | 1 4 4 20 8 26 3 16 1 . 9 14 28 19 14 10 23 9 5 14 46 64 42 14 7 48 35 Fire 1147 | 3 8 20 88 3 1 49 12 18 . 31 27 41 19 49 34 131 5 3 58 53 100 106 20 14 141 113 Melee 273 | . . . 15 11 . 7 6 2 . . 24 29 . 2 . 1 5 2 6 4 53 81 1 6 2 16 Ram 6 | . . . . . . . . . . . . 1 . . . 2 . . . . . . . . . 3 Kick . | . . . . . . . . . . . . . . . . . . . . . . . . . . . Crush 3 | . . . . . . . . . . . . . . . . 2 . . . . . . . . . 1 Escape Stasis 46 | . . . . . . . . . . . . 32 . . . . . . . . . . . . 8 6 Rewire 93 | . . . . . . . . . . . . 92 . . . . . . . 1 . . . . . . Trap . | . . . . . . . . . . . . . . . . . . . . . . . . . . . Miscellaneous . | . . . . . . . . . . . . . . . . . . . . . . . . . . . Route ------- -11/Scrapyard -10/Materials -10/Mines (discovered 3 exits: [*Mat] / [*Exi] / [*Sub]) -10/Subcaves (discovered 2 exits: [*Mat] / *Rec) -9/Recycling (discovered 2 exits: [*Fac] / *Scr) -9/Scraptown (discovered 2 exits: *Fac x2) -6/Factory (discovered 2 exits: Fac / *Low) -6/Lower Caves -6/Lower Caves -6/Data Miner -5/Proximity Caves -5/Factory (discovered 5 exits: Fac x2 / Upp / *Ext x2) -5/Extension (discovered 3 exits: *Fac x2 / *Cet) -5/Cetus (discovered 2 exits: *Fac / [*Arc]) -5/Archives (discovered 3 exits: *Fac / *Hub x2) -5/Hub_04(d) (discovered 4 exits: *Fac x4) -4/Factory (discovered 5 exits: Res x2 / *Upp x2 / Arm) -4/Waste -4/Factory (discovered 2 exits: *Upp / Gar) -4/Garrison (discovered 3 exits: *Res x3) -3/Research (discovered 3 exits: *Res x2 / *Tes) -3/Testing (discovered 2 exits: *Res / Gar) -3/Garrison (discovered 3 exits: *Res x3) -2/Research -2/Garrison (discovered 3 exits: *Res x3) -2/Research (discovered 2 exits: *Acc / *Qua) -2/Quarantine History --------- Turn | Location | Event 2 | -11/Scrapyard | Discovered new exit (range 16) 88 | -11/Scrapyard | Entered Materials 311 | -10/Materials | Build established: Mutant 383 | -10/Materials | Discovered new exit (range 16) 783 | -10/Materials | Entered Mines 814 | -10/Mines | Deemed a non-threat by the Exiles lab entrance 814 | -10/Mines | Discovered new exit (range 5) 857 | -10/Mines | Found the Drone Emporium 862 | -10/Mines | Found Prototype Device 862 | -10/Mines | Identified Thief Drone Bay 892 | -10/Mines | Received a Rocket Launcher from a helpful Derelict 934 | -10/Mines | Learned location of Storage (-9) 1494 | -10/Mines | Discovered new exit (range 6) 1565 | -10/Mines | Discovered new exit (range 5) 1656 | -10/Mines | Entered Subcaves 1657 | -10/Subcaves | Shifting Twisted Machinery released Mak. Light Armor Plating 1657 | -10/Subcaves | Approached by a straggling Scientist 1717 | -10/Subcaves | Discovered new exit (range 6) 3060 | -10/Subcaves | A swath of the cavern ceiling suddenly collapsed 3292 | -10/Subcaves | Learned Materials terminal intel 3343 | -10/Subcaves | Core integrity fell below 50% 3569 | -10/Subcaves | Shifting Twisted Machinery released Spk. Treads 3593 | -10/Subcaves | Shifting Twisted Machinery released Mak. Hacking Suite 3734 | -10/Subcaves | A swath of the cavern ceiling suddenly collapsed 3759 | -10/Subcaves | Core integrity fell below 20% 3872 | -10/Subcaves | Discovered new exit (range 3) 3918 | -10/Subcaves | Entered Recycling 3918 | -9/Recycling | Accompanied by 2 allies 4305 | -9/Recycling | Discovered new exit (range 23) 4500 | -9/Recycling | Scanned before Scraplab entrance 4520 | -9/Recycling | Entered Scraplab 4531 | -9/Recycling | Discovered new exit (range 3) 4565 | -9/Recycling | Learned Materials trap positions 4596 | -9/Recycling | Learned 2 Materials zone layouts 4597 | -9/Recycling | Learned 2 Materials zone layouts 4598 | -9/Recycling | Learned location of Zion (-7) 4642 | -9/Recycling | Learned location of 1 exit from Storage 4676 | -9/Recycling | Entered Scraptown 4854 | -9/Scraptown | Visited Supply Room 4902 | -9/Scraptown | Visited Comm Corps 4929 | -9/Scraptown | Visited The Evicted 4939 | -9/Scraptown | Visited TADAMA 4961 | -9/Scraptown | Visited Shadow of the Wyrm 4982 | -9/Scraptown | Heard Great Nut preacher, LISTEN AND RECITE! 5258 | -9/Scraptown | Scanned Subdweller tech in exchange for log data 5265 | -9/Scraptown | Learned Factory terminal intel 5266 | -9/Scraptown | Learned location of Testing (-3) 5285 | -9/Scraptown | Discovered new exit (range 11) 5534 | -9/Scraptown | Visited UFD Registry 5534 | -9/Scraptown | Registered with UFD as "Cargobay" 5566 | -9/Scraptown | Visited Curators Association 5612 | -9/Scraptown | Visited Botcube Research 5624 | -9/Scraptown | Found Botcube 5647 | -9/Scraptown | Visited Junk Cannon Lab 5671 | -9/Scraptown | Visited Abandonware Association 5691 | -9/Scraptown | Learned abandonware demo "SHUTEYE.EXE" 5721 | -9/Scraptown | Visited Scrap Suit Storage 5748 | -9/Scraptown | Visited Junk Repository 5770 | -9/Scraptown | Visited LU-1G1's Boring Crew 5796 | -9/Scraptown | Visited Scrapoid Research Area 5818 | -9/Scraptown | Visited Chapter 10 5845 | -9/Scraptown | Visited Cartography Club 5881 | -9/Scraptown | Found Surveybot 17 Chip 5914 | -9/Scraptown | Learned location of Upper Caves (-4) 5914 | -9/Scraptown | Learned location of Archives (-5) 5914 | -9/Scraptown | Learned 12 Materials zone layouts 5914 | -9/Scraptown | Learned 4 Access zone layouts 5914 | -9/Scraptown | Learned 4 Mines zone layouts 5914 | -9/Scraptown | Learned 4 Recycling zone layouts 5914 | -9/Scraptown | Learned 16 Lower Caves zone layouts 5914 | -9/Scraptown | Learned 8 Proximity Caves zone layouts 5914 | -9/Scraptown | Learned 24 Proximity Caves zone layouts 5914 | -9/Scraptown | Learned location of 1 exit from Lower Caves 5914 | -9/Scraptown | Learned location of 2 exits from Upper Caves 5914 | -9/Scraptown | Identified exit to Factory 5946 | -9/Scraptown | Found Deep Structural Scanner 6144 | -9/Scraptown | Delivered Scrap Shield to a Scientist 6530 | -9/Scraptown | Found Scrap Suit 7113 | -9/Scraptown | Botcube activated 7135 | -9/Scraptown | Botcube completed mutation into treaded form, armed with 1 gun, 1 melee weapon. 7282 | -9/Scraptown | Attached CPS modules to *SN-41L. 7869 | -9/Scraptown | Found Scrap Suit 8082 | -9/Scraptown | Met Optimus 8082 | -9/Scraptown | Accepted into 0bPrime 8175 | -9/Scraptown | Entered Factory 8175 | -6/Factory | Accompanied by 1 ally 8175 | -6/Factory | Evolved 8 slots: Power x1, Propulsion x3, Utility x3, Weapon x1 8176 | -6/Factory | Identified exit to Factory 8176 | -6/Factory | Identified exit to Lower Caves 8177 | -6/Factory | Loaded intel: 26 terminal locations 8462 | -6/Factory | Garrison activated, responded to threat 8550 | -6/Factory | Entered Lower Caves 8550 | -6/Lower Caves | Accompanied by 1 ally 8551 | -6/Lower Caves | Identified exit to Lower Caves 8552 | -6/Lower Caves | UFD Scientist delivered a prototype 8554 | -6/Lower Caves | Found Prototype Protection 8904 | -6/Lower Caves | Build established: Derelict-Gunner 9087 | -6/Lower Caves | Entered an active Warlord outpost 9096 | -6/Lower Caves | Learned Factory emergency access door positions 9105 | -6/Lower Caves | Learned location of 1 exit from Research 9105 | -6/Lower Caves | Learned Research emergency access door positions 9105 | -6/Lower Caves | Learned Extension security intel 9141 | -6/Lower Caves | Attached CPS modules to Y7-OST(g). 9156 | -6/Lower Caves | Destroyed Y7-OST(g) 9361 | -6/Lower Caves | Learned 12 Factory zone layouts 9399 | -6/Lower Caves | Entered another Lower Caves area 9399 | -6/Lower Caves | Accompanied by 1 ally 9737 | -6/Lower Caves | Discovered new exit (range 15) 9782 | -6/Lower Caves | Learned 4 Factory zone layouts 9892 | -6/Lower Caves | Found Prototype Device 9999 | -6/Lower Caves | Entered Data Miner 9999 | -6/Data Miner | Accompanied by 1 ally 9999 | -6/Data Miner | Discovered new exit (range 6) 10027 | -6/Data Miner | Met Data Miner 10057 | -6/Data Miner | Learned location of Section 7 (-2) 10057 | -6/Data Miner | Acquired the access code to Warlord's prototype stash 10081 | -6/Data Miner | Received God Mode back door access code from Data Miner 10125 | -6/Data Miner | Entered Proximity Caves 10125 | -5/Proximity Caves | Accompanied by 1 ally 10303 | -5/Proximity Caves | Learned location of 1 exit from Upper Caves 10593 | -5/Proximity Caves | Identified Enh. Scrap Shield 10595 | -5/Proximity Caves | Identified Heart of Steel 10934 | -5/Proximity Caves | Build established: Derelict-Tank 11240 | -5/Proximity Caves | Spotted B-75 Beast 11253 | -5/Proximity Caves | Attached CPS modules to B-75 Beast. 11273 | -5/Proximity Caves | Destroyed B-75 Beast 11294 | -5/Proximity Caves | Lost 4 parts (1p2n1w) 11489 | -5/Proximity Caves | Entered Factory 11489 | -5/Factory | Accompanied by 1 ally 11489 | -5/Factory | Evolved 2 slots: Propulsion x1, Utility x1 11490 | -5/Factory | Identified exit to Extension 11491 | -5/Factory | Identified exit to Factory 11491 | -5/Factory | Identified exit to Upper Caves 11740 | -5/Factory | Found Powered Armor 12073 | -5/Factory | Fabricated Combat Drone Bay? 12098 | -5/Factory | Found Botcube 12400 | -5/Factory | Build established: Scavenger-Mutant 12589 | -5/Factory | Entered Extension 12787 | -5/Extension | Botcube activated 12805 | -5/Extension | Botcube completed mutation into legged form, armed with 2 cannons. 12855 | -5/Extension | Attached CPS modules to *I hate Mantis. 13087 | -5/Extension | Rescued A7 13166 | -5/Extension | Build established: Scavenger-Gunner 13233 | -5/Extension | Heart of Steel transformed into Warbot 13267 | -5/Extension | Rescued a captive Derelict 13549 | -5/Extension | Spotted B-75 Beast 13573 | -5/Extension | Destroyed B-75 Beast 13573 | -5/Extension | Spotted B-75 Beast 13587 | -5/Extension | Attached CPS modules to A7. 13606 | -5/Extension | Destroyed B-75 Beast 13811 | -5/Extension | Rescued a captive Derelict 14162 | -5/Extension | Repaired Med. Reflective Plating 14196 | -5/Extension | Discovered exit to Factory (range 10) 14197 | -5/Extension | Discovered new exit (range 6) 14441 | -5/Extension | Entered Cetus 14441 | -5/Cetus | Accompanied by 10 allies (incl. A7, Warbot) 14446 | -5/Cetus | Acquired a Cetus Manufacturing Module code from A7 14460 | -5/Cetus | Spotted Cetus Guard 14460 | -5/Cetus | Spotted Cetus Guard 14464 | -5/Cetus | Spotted Cetus Guard 14465 | -5/Cetus | Destroyed Cetus Guard 14467 | -5/Cetus | Allies destroyed Cetus Guard 14467 | -5/Cetus | Spotted Cetus Guard 14473 | -5/Cetus | Allies destroyed Cetus Guard 14480 | -5/Cetus | Allies destroyed Cetus Guard 14562 | -5/Cetus | Started Cetus Manufacturing Module 14570 | -5/Cetus | Escorted A7 to Cetus Mainframe 14577 | -5/Cetus | Discovered new exit (range 22) 14587 | -5/Cetus | Manufactured an Enhanced Grunt 14612 | -5/Cetus | Manufactured an Enhanced Grunt 14637 | -5/Cetus | Manufactured an Enhanced Grunt 14646 | -5/Cetus | Spotted Cetus Guard 14646 | -5/Cetus | Spotted Cetus Guard 14647 | -5/Cetus | Spotted Cetus Guard 14650 | -5/Cetus | Spotted Cetus Guard 14652 | -5/Cetus | Allies destroyed Cetus Guard 14662 | -5/Cetus | Manufactured an Enhanced Grunt 14662 | -5/Cetus | Extracted ID and sensor layout for unrecognized location from A7's data core 14664 | -5/Cetus | Discovered exit to Factory (range 22) 14665 | -5/Cetus | Allies destroyed Cetus Guard 14669 | -5/Cetus | Allies destroyed Cetus Guard 14674 | -5/Cetus | Found Prototype Protection 14680 | -5/Cetus | Identified Med. Regenerative Plating 14687 | -5/Cetus | Manufactured an Enhanced Grunt 14853 | -5/Cetus | Met Revision 17 14963 | -5/Cetus | Entered Archives 14963 | -5/Archives | Accompanied by 12 allies (Warbot) 15031 | -5/Archives | Discovered new exit (range 22) 15056 | -5/Archives | Identified exit to Hub_04(d) 15571 | -5/Archives | Build established: Commander-Tank 16030 | -5/Archives | Build established: Commander-Mutant 17232 | -5/Archives | Entered Hub_04(d) 17232 | -5/Hub_04(d) | Accompanied by 6 allies (Warbot) 17248 | -5/Hub_04(d) | Discovered exit to Factory (range 14) 17403 | -5/Hub_04(d) | Lost 3 allies 17536 | -5/Hub_04(d) | Build established: Scavenger-Tank 17612 | -5/Hub_04(d) | Found Botcube 17647 | -5/Hub_04(d) | Discovered exit to Factory (range 18) 17703 | -5/Hub_04(d) | Spotted B-75 Beast 17725 | -5/Hub_04(d) | Allies destroyed B-75 Beast 17832 | -5/Hub_04(d) | First assault squad dispatched 18111 | -5/Hub_04(d) | Discovered exit to Factory (range 6) 18156 | -5/Hub_04(d) | Incoming assault squad redirected 18277 | -5/Hub_04(d) | Network Hub disabled 18293 | -5/Hub_04(d) | Network Hub disabled 18301 | -5/Hub_04(d) | Incoming investigation squad redirected 18301 | -5/Hub_04(d) | Spotted Lightning 18326 | -5/Hub_04(d) | Network Hub disabled 18340 | -5/Hub_04(d) | Spotted Lightning 18342 | -5/Hub_04(d) | Spotted Lightning 18344 | -5/Hub_04(d) | Spotted Lightning 18346 | -5/Hub_04(d) | Spotted Lightning 18349 | -5/Hub_04(d) | System corruption reached 10% 18350 | -5/Hub_04(d) | Spotted Lightning 18389 | -5/Hub_04(d) | Entered Factory 18389 | -4/Factory | Evolved 2 slots: Utility x1, Weapon x1 18390 | -4/Factory | Identified exit to Research 18495 | -4/Factory | Discovered new exit (range 16) 18577 | -4/Factory | Repaired Broken Centrium Heavy Treads? 18655 | -4/Factory | Repaired Centrium Heavy Treads? 18657 | -4/Factory | Identified exit to Upper Caves 18657 | -4/Factory | Identified exit to Armory 18657 | -4/Factory | Watched by a mysterious "MATRIX" hacker. 18675 | -4/Factory | Fabricated Adv. Cryofiber Web (x2) 18678 | -4/Factory | Loaded intel: 8 recycling unit locations 18908 | -4/Factory | Found Quantum Capacitor 18945 | -4/Factory | Fabricated Enh. Nova Cannon (x2) 19039 | -4/Factory | Fabricated Weapon Mount (x2) 19408 | -4/Factory | System corruption reached 10% 19623 | -4/Factory | Garrison activated, responded to threat 19749 | -4/Factory | Lost 4 parts (1p1u2w) 19868 | -4/Factory | Garrison activated, responded to threat 19889 | -4/Factory | First assault squad dispatched 19909 | -4/Factory | Imp. Hacking Suite fried by hacking feedback 19910 | -4/Factory | Incoming assault squad redirected 19916 | -4/Factory | Botcube activated 19917 | -4/Factory | Core integrity fell below 50% 19920 | -4/Factory | Botcube completed mutation into core form (unarmed). 19942 | -4/Factory | Manually triggered Chute Trap 19942 | -4/Factory | Sucked down chute 19942 | -4/Factory | Entered Waste 19946 | -4/Waste | Lost 14 parts (2p4n3u5w) 19958 | -4/Waste | Spotted C-40 Crusher 19962 | -4/Waste | Spotted C-40 Crusher 19970 | -4/Waste | Warlord forces began an assault 19981 | -4/Waste | Spotted C-40 Crusher 19983 | -4/Waste | Allies destroyed C-40 Crusher 19987 | -4/Waste | Allies destroyed C-40 Crusher 19989 | -4/Waste | Allies destroyed C-40 Crusher 20109 | -4/Waste | Spotted C-40 Crusher 20111 | -4/Waste | Allies destroyed C-40 Crusher 20117 | -4/Waste | Spotted C-40 Crusher 20118 | -4/Waste | Spotted C-40 Crusher 20133 | -4/Waste | Allies destroyed C-40 Crusher 20138 | -4/Waste | Allies destroyed C-40 Crusher 20303 | -4/Waste | Discovered new exit (range 21) 20502 | -4/Waste | Entered Factory 20502 | -4/Factory | Accompanied by 13 allies 20512 | -4/Factory | Discovered exit to Upper Caves (range 9) 20595 | -4/Factory | Garrison activated, responded to threat 20616 | -4/Factory | Identified exit to Garrison 20672 | -4/Factory | Spotted B-86 Titan 20705 | -4/Factory | Murdered 4 allies 20726 | -4/Factory | Lost 4 allies 20770 | -4/Factory | Entered Garrison 20770 | -4/Garrison | Accompanied by 4 allies 20852 | -4/Garrison | Lost 4 allies 20910 | -4/Garrison | Discovered exit to Research (range 41) 20910 | -4/Garrison | Discovered exit to Research (range 77) 20910 | -4/Garrison | Discovered exit to Research (range 58) 21144 | -4/Garrison | Installed Relay Interface Framework 21178 | -4/Garrison | Triggered checkpoint 21182 | -4/Garrison | System corruption reached 30% 21218 | -4/Garrison | Lost 3 parts (1p2u) 21232 | -4/Garrison | Garrison Relay disabled 21296 | -4/Garrison | Garrison Relay disabled 21384 | -4/Garrison | Entered Research 21384 | -3/Research | Evolved 2 slots: Power x1, Propulsion x1 21385 | -3/Research | Identified exit to Research 21528 | -3/Research | Scrapoids reinforcements arrived? 21552 | -3/Research | Found Scrap Suit 21573 | -3/Research | Attached CPS modules to 03R03-D. 21580 | -3/Research | Attached CPS modules to 03R02-D. 21584 | -3/Research | Revision forces began assault on 0b10 21622 | -3/Research | Met up with Revision 17++ 21623 | -3/Research | Attached CPS modules to Revision 17++. 21631 | -3/Research | Found Scrap Suit 21702 | -3/Research | Spotted B-86 Titan 21748 | -3/Research | Lost 5 allies 22000 | -3/Research | Spotted B-86 Titan 22055 | -3/Research | Lost 4 allies 22084 | -3/Research | Research terminal network offline 22097 | -3/Research | Found Prototype Hackware 22170 | -3/Research | Scrapoids reinforcements arrived? 22240 | -3/Research | Scrapoids reinforcements arrived? 22243 | -3/Research | Discovered exit to Research (range 11) 22249 | -3/Research | Found Scrap Suit 22359 | -3/Research | Discovered new exit (range 15) 22486 | -3/Research | Lost 6 allies 22558 | -3/Research | Build established: Scavenger-Scrapper 22562 | -3/Research | Murdered Revision 17++ 22614 | -3/Research | Entered Testing 22641 | -3/Testing | Found Portable AFG 22658 | -3/Testing | Found Prototype Launcher 22658 | -3/Testing | Identified Z-bomb Delivery System 22766 | -3/Testing | Identified Exp. System Shield 22855 | -3/Testing | System corruption reached 10% 22889 | -3/Testing | Found Prototype Energy Cannon 22889 | -3/Testing | Identified Potential Cannon 23055 | -3/Testing | Found Prototype Energy Cannon 23055 | -3/Testing | Identified Hpw. Disruptor Cannon 23171 | -3/Testing | Found Prototype Device 23171 | -3/Testing | Identified Exp. Focal Shield 23291 | -3/Testing | Discovered exit to Research (range 12) 23401 | -3/Testing | Lost 3 parts (1p2w) 23467 | -3/Testing | Found Prototype Processor 23468 | -3/Testing | Identified Exp. Terrain Scan Processor 23483 | -3/Testing | Garrison activated, responded to threat 23598 | -3/Testing | P-80 Master assimilated allied B-74 Champion 23602 | -3/Testing | P-80 Master assimilated allied B-74 Champion 23712 | -3/Testing | Found Prototype Processor 23717 | -3/Testing | Identified Exp. Target Analyzer 23765 | -3/Testing | Spotted Striker 23766 | -3/Testing | Spotted Striker 23769 | -3/Testing | Found Fusion Bomb Launcher 23811 | -3/Testing | System corruption reached 30% 23838 | -3/Testing | Found Prototype Device 23838 | -3/Testing | Identified Exp. Thermal Defense Suite 24030 | -3/Testing | Found Prototype Energy Cannon 24043 | -3/Testing | Identified Disintegrator 24101 | -3/Testing | Attached CPS modules to PD-PABB85Z6O5. 24148 | -3/Testing | Found Prototype Launcher 24178 | -3/Testing | Build established: Scavenger-Tank 24312 | -3/Testing | Found Prototype Energy Gun 24340 | -3/Testing | Identified exit to Garrison 24340 | -3/Testing | Entered Garrison 24351 | -3/Garrison | Expanded RIF knowledge: Command Fork 24553 | -3/Garrison | Build established: Scavenger-Skirmisher 24653 | -3/Garrison | Identified Ragnarok Missile Launcher 24663 | -3/Garrison | Identified Warp Gun 24723 | -3/Garrison | Destroyed 8 combat bots 24825 | -3/Garrison | Core integrity fell below 50% 24868 | -3/Garrison | Spotted B-86 Titan 24938 | -3/Garrison | Destroyed B-86 Titan 25005 | -3/Garrison | Build established: Scavenger-Mutant 25027 | -3/Garrison | Garrison Relay disabled 25041 | -3/Garrison | Discovered exit to Research (range 11) 25120 | -3/Garrison | Found embedded Infiltrators 25184 | -3/Garrison | Discovered exit to Research (range 5) 25287 | -3/Garrison | Found Relay Coupler [Proto] 25290 | -3/Garrison | Found Relay Coupler [Proto] 25312 | -3/Garrison | Triggered checkpoint 25321 | -3/Garrison | Garrison Relay disabled 25366 | -3/Garrison | Triggered checkpoint 25374 | -3/Garrison | Triggered checkpoint 25426 | -3/Garrison | Triggered checkpoint 25457 | -3/Garrison | Garrison Relay disabled 25493 | -3/Garrison | Attached CPS modules to C-45 Heavy ARC. 25976 | -3/Garrison | Entered Research 25976 | -2/Research | Evolved 2 slots: Utility x1, Weapon x1 26129 | -2/Research | Scrapoids reinforcements arrived? 26131 | -2/Research | Garrison activated, responded to threat 26192 | -2/Research | Identified exit to Garrison 26192 | -2/Research | Entered Garrison 26192 | -2/Garrison | Accompanied by 5 allies 26254 | -2/Garrison | Discovered new exit (range 47) 26254 | -2/Garrison | Discovered new exit (range 70) 26254 | -2/Garrison | Discovered new exit (range 51) 26288 | -2/Garrison | Found Scrap Suit 26316 | -2/Garrison | Spotted B-90 Cyclops 26321 | -2/Garrison | Destroyed B-90 Cyclops 26322 | -2/Garrison | Triggered checkpoint 26352 | -2/Garrison | Expanded RIF knowledge: Threat Obfuscation 26497 | -2/Garrison | Found embedded Infiltrators 26623 | -2/Garrison | Expanded RIF knowledge: Program Shield 26716 | -2/Garrison | Triggered checkpoint 26737 | -2/Garrison | Identified exit to Research 26739 | -2/Garrison | Entered Research 26739 | -2/Research | Accompanied by 4 allies 26751 | -2/Research | Found Prototype Launcher 26751 | -2/Research | Identified Smartbomb Launcher 26779 | -2/Research | Build established: Bothacker-Tank 26899 | -2/Research | Spotted B-90 Cyclops 26900 | -2/Research | Destroyed B-90 Cyclops 27074 | -2/Research | Destroyed 8 combat bots 27075 | -2/Research | Found Prototype Device 27149 | -2/Research | Garrison activated, responded to threat 27239 | -2/Research | First assault squad dispatched 27270 | -2/Research | Found Prototype Processor 27565 | -2/Research | Incoming assault squad redirected 27577 | -2/Research | Garrison activated, responded to threat 27618 | -2/Research | Destroyed 8 combat bots 27761 | -2/Research | Scrapoids reinforcements arrived? 27825 | -2/Research | Identified Exp. Core Analyzer 27954 | -2/Research | Lost 5 allies 27977 | -2/Research | Destroyed 10 combat bots 27977 | -2/Research | Lost 5 parts (1n4w) 28007 | -2/Research | Incoming assault squad redirected 28139 | -2/Research | Discovered new exit (range 25) 28225 | -2/Research | High security lockdown imminent 28275 | -2/Research | Identified exit to Access 28305 | -2/Research | High security lockdown engaged 28381 | -2/Research | Discovered new exit (range 4) 28383 | -2/Research | Identified exit to Quarantine 28385 | -2/Research | Entered Quarantine 28465 | -2/Quarantine | Found Alien Artifact 28556 | -2/Quarantine | Build established: Scavenger-Tank 28635 | -2/Quarantine | First assault squad dispatched 28660 | -2/Quarantine | Found Prototype Device 28660 | -2/Quarantine | Identified Exp. Shock Absorption System 28754 | -2/Quarantine | Incoming assault squad redirected 28772 | -2/Quarantine | Cryocooling Duct disabled 28782 | -2/Quarantine | Destroyed 7 combat bots 28787 | -2/Quarantine | Ambient heat levels rising (+20) 28787 | -2/Quarantine | Non-combat units ordered to evacuate 28814 | -2/Quarantine | Found Alien Slashing Weapon 28814 | -2/Quarantine | Identified Sigix Broadsword 28929 | -2/Quarantine | Central database locked down 28991 | -2/Quarantine | Found Quantum Capacitor 29076 | -2/Quarantine | Identified Phase Armor 29153 | -2/Quarantine | Destroyed 7 combat bots 29226 | -2/Quarantine | Met incapacitated Sigix Warrior 29226 | -2/Quarantine | Lockdown squad dispatched 29232 | -2/Quarantine | Acquired the access code to the Sigix quarantine chamber 29235 | -2/Quarantine | Unlocked Sigix quarantine chamber 29242 | -2/Quarantine | Found Sigix Containment Pod 29359 | -2/Quarantine | Spotted Lightning 29361 | -2/Quarantine | Spotted Lightning 29364 | -2/Quarantine | Spotted Lightning 29367 | -2/Quarantine | System corruption reached 10% 29368 | -2/Quarantine | Destroyed Lightning 29368 | -2/Quarantine | Destroyed Lightning 29468 | -2/Quarantine | High security lockdown imminent 29548 | -2/Quarantine | High security lockdown engaged 29559 | -2/Quarantine | Found Prototype Energy Cannon 29620 | -2/Quarantine | Destroyed Lightning 29689 | -2/Quarantine | Spotted Executioner 29689 | -2/Quarantine | Spotted Executioner 29706 | -2/Quarantine | Core integrity fell below 50% 29708 | -2/Quarantine | Destroyed Executioner 29711 | -2/Quarantine | Destroyed Executioner 29714 | -2/Quarantine | Identified EMDS 29774 | -2/Quarantine | Destroyed 16 combat bots 29787 | -2/Quarantine | Spotted Striker 29787 | -2/Quarantine | Spotted Striker 29794 | -2/Quarantine | Spotted Investigator 29795 | -2/Quarantine | Scanned by Researcher 29799 | -2/Quarantine | Destroyed Investigator 29812 | -2/Quarantine | Destroyed Striker 29830 | -2/Quarantine | Destroyed Striker 29841 | -2/Quarantine | Lost 3 parts (1n1u1w) 29851 | -2/Quarantine | Destroyed 16 combat bots 29932 | -2/Quarantine | Spotted Striker 29953 | -2/Quarantine | Destroyed 14 combat bots 29972 | -2/Quarantine | Cryocooling Duct disabled 29977 | -2/Quarantine | Core integrity fell below 20% 29978 | -2/Quarantine | Cryocooling Duct disabled 29980 | -2/Quarantine | Destroyed by H-88 Terminator with KE Penetrator Last Messages --------------- 29974_ Hds. Centrium Heavy Treads destroyed. 29974_ M-36 Artificer repairs P-80 Master Gamma Rifle. 29975_ M-36 Artificer repairs M-36 Artificer Wheel. 29975_ Slammed into P-80 Master. 29975_ Ovr. Huge Scrapsphere broken. 29975_ Destabilizing: Short circuit. 29976_ Slug penetrates Wall. 29976_ Slammed into P-80 Master. 29977_ Slug penetrates Wall. 29977_ M-36 Artificer repairs M-36 Artificer Wheel. 29977_ Slug penetrates Cryocooling Duct. 29978_ Wall collapses. 29978_ Broken Ovr. Huge Scrapsphere destroyed. 29978_ Slug penetrates Cryocooling Duct. 29978_ Cryocooling Duct disabled. 29978_ P-80 Master resets Striker, system corruption cleaned. 29980_ Penetrated by Slug. 29980_ Slug penetrates Striker. 29980_ Slammed into H-88 Terminator. 29980_ Penetrated by Slug. Map ----- +----------------------------------------------------+ | ### ##???????#""" " " #???# """ | | #?# ### ## #????????#""" #???# | | ####?#" ## # ###???####"S [ #???# * | | ?????#" " ### #""" """ #???# ] | | ????## ## # # "" """ ! #???# | | ????#" # ## # ! """ #???#####+ | | ????# # ### # # ##%*! #????# ^ | | #####" # # =%# ###/######### | | % | | % | | * [ % """"" | | #+#### # # !==#[ # # # ""T"" | | #### # !%[*]=!%]=# # ## | | "" T### **!=[==!%[!* # ## """ """ """ | | "" ##?# """|*==%]/*#% # ## """ """ """ | | "" #??#] """"=!!!%!!*% # # ## """ """ """ | | "" =#??# """ =%/&!]!#% # ## | | "" +??# """ =|[] # # ###### ! | | !#??# ]] # #???????############ | | #####??############### #??????????????????? | | ??????????????# #??????????????????? | | ??????????????# #????????????????????? | | ??????????????# #?????????????????????? | | ??????????????+ p#??????????????????????? | | ??????????????# ####m#l###########????????????? | | ??????????????# # hl@ #????????????? | | ??????????????# # K hh #????????????? | | ??????????????# h; m p #????????????? | | ??????????????# #^ pp"m""""""" #????????????? | | ??????????????# # """ """ #????????????? | | ??????????????# # #????????????? | | ??????????????# # "" """""" #????????????? | | ??????????????# # """ """ ^ #????????????? | | ??????????????# # #????????????? | | ??????????????# ##################????????????? | | ??????????????+ ??????????????????????????????? | | ??????????????# ??????????????????????????????? | | ??????????????# ??????????????????????????????? | | ??????????????# ??????????????????????????????? | | ???????????????? ??????????????????????????????# | | ???????????????????????????????????############### | | ???????????????????????????????????# | | ???????????????????????????????????# | | ??????????????? ????????????????# * | | ??????????????? #???????????????# | | ??????????????# #???????????????# ########## | | ??????????????# #???????????????# #????????# | | ???????????#### #???????????????# #????????# | | ???????????? #???????????????# #?????? | | ???????????? #???????????????# #????? | +----------------------------------------------------+ Best States ------------- Heat Dissipation 150 Coolant Potential 100 Energy Generation 65 Energy Capacity 2200 Matter Stores 455 Matter Capacity 550 Sight Range 22 Terrain Scan Density 10 Jamming Range 14 Cloak Strength 6 Additional Mass Support 20 Base Temperature (-) 200 Corruption Block 20 Armor Coverage 1650 Resistance: KI 25 Resistance: TH 15 Weapon Shielding 90 Weapon Cycling 25 Evasion (%) 55 Targeting Accuracy 20 Recoil Reduction 8 Offensive Hacking 28 Defensive Hacking 16 Relay Coupler Types 1 Relay Coupler Value 33 Authchip Count 2 Trap Extractor Capacity 8 Item Schematics ----------------- Combat Drone Bay | -6/Data Miner | Free Lgt. Regenerative Plating | -6/Data Miner | Free Enh. Armored Leg | -6/Data Miner | Free Imp. Thermal Defense Suite | -6/Data Miner | Free Enh. Coil Gun | -6/Data Miner | Free Field Propulsion Array | -6/Data Miner | Free Adv. Hardlight Generator | -6/Data Miner | Free Phase Gun | -6/Data Miner | Free Arm. Medium Treads | -6/Data Miner | Free Imp. Fusion Compressor | -6/Data Miner | Free Adv. Target Analyzer | -6/Data Miner | Free Adv. Recalibrator | -6/Data Miner | Free Mic. Antimatter Reactor | -6/Data Miner | Free Weapon Mount | -5/Factory | Hacked Q-thruster | -5/Extension | Hacked Adv. Remote Shield | -3/Testing | Archive Adv. Plasma Rifle | -3/Testing | Archive Robot Schematics ------------------ S-27 Virus | -6/Data Miner | Free B-60 Warrior | -6/Data Miner | Free P-60 Hacker | -6/Data Miner | Free A-15 Conveyor | -6/Data Miner | Free A-27 Freighter | -6/Data Miner | Free Fabricated ------------ Combat Drone Bay | x1 | -5/Factory Adv. Cryofiber Web | x2 | -4/Factory | Preloaded Enh. Nova Cannon | x2 | -4/Factory | Preloaded Weapon Mount | x2 | -4/Factory Repaired ---------- Med. Reflective Plating | 43% | -5/Extension Centrium Heavy Treads | 1% | -4/Factory | Broken Centrium Heavy Treads | 12% | -4/Factory Studied --------- Centrium Leg | -3/Testing | Hacked Lgt. Quantum Reactor | -3/Testing | Hacked Adv. Remote Datajack | -3/Testing | Hacked Arm. Huge Wheel | -2/Quarantine | Hacked Alien Tech Used ----------------- Sigix Broadsword Phase Armor Achievements -------------- Overclocked Challenges ------------ None Game ------ Seed TiamatMobileSpear Manual? 0 Play Time 08:30:00 Cumulative 1429.0 hours Start 2026.04.10 @ 01:40:19 End 2026.04.10 @ 23:46:33 Sessions 3 Manual Loads 0 Difficulty Rogue Special Mode None Game No. 469 Rogue 462 Adventurer 4 Explorer 3 Win Type - Total 41 Types 19/5/2/2/1/3/4/1/2/2 Lore% 97 Gallery% 95 Achievement% 87 Wizard Run 0 Options --------- Layout 0 ASCII 0 Keyboard 0 Movement Numpad Keybinds 0 Fullscreen 2 Font 18/Terminus Map View 76x50 Zoom Use 0% Tactical HUD 1 Map Filters NONE Filters NONE Steam 1 RUN: 95025572-f339-40ef-b6af-0b8fb176a667